 Dungeon Crawl Stone Soup version 0.16-a0-3749-g20dbed2 (webtiles) character file.

763074 Ololoev the Cloud Mage (level 27, -10/205 (216) HPs)
             Began as a Mummy Chaos Knight on Jan 21, 2015.
             Was a Favourite Plaything of Xom.
             Killed from afar by a pearl dragon (57 damage)
             ... with a blast of cleansing flame
             ... on level 13 of a ziggurat on Jan 23, 2015.
             The game lasted 11:37:03 (135042 turns).

Ololoev the Cloud Mage (Mummy Chaos Knight)       Turns: 135042, Time: 11:37:04

HP:   -10/205 (216) AC: 24    Str: 35    XL:     27
MP:   36/42         EV: 18    Int: 24    God:    Xom [..*...]
Gold: 6018          SH: 19    Dex: 13    Spells: 6 memorised, 35 levels left

rFire  + + .     SeeInvis +     a - +8 autumn katana {slice, Clar}
rCold  + . .     Clarity  +     z - +2 scale mail of Shouv {Regen+ Str+4}
rNeg   + + +     SustAb   .     P - +4 shield {reflect}
rPois  ∞         Gourm    .     A - +2 helmet {Int+3}
rElec  .         Spirit   .     s - +2 cloak of Xeozev Koez {HP+9 Str+3}
rCorr  .         Warding  .     Y - +0 pair of gloves of Nemelex Xobeh's Favour {rF++ Str+3 Stlth+}
rMut   .         Stasis   .     T - +2 pair of boots {run}
MR     +++..                    K - amulet "Vapn" {+Rage rF++ Str+2 Int+4 Slay-4}
Stlth  +.........               S - ring of Gejed {rF- rN+ Str+3 Int+4 Slay+6 SInv}
                                B - ring of wizardry

@: glowing, quick, extremely resistant to hostile enchantments, very unstealthy
A: no food or potions, fire vulnerability, strongly in touch with death, restore
body, cold resistance 1, negative energy resistance 3, poison resistance,
torment resistance, unbreathing
a: Self-Restoration, Renounce Religion
}: 5/15 runes: barnacled, slimy, silver, abyssal, gossamer


You were on level 13 of a ziggurat.
You worshipped Xom.
You were a toy of Xom.
You were not hungry.

You visited 11 branches of the dungeon, and saw 63 of its levels.
You visited Pandemonium 1 time, and saw 1 of its levels.
You visited the Abyss 3 times.
You visited 1 bazaar.
You visited 2 ziggurats, and saw 26 of their levels (deepest: 13).
You also visited: Ice Cave.

You collected 11422 gold pieces.
You spent 5372 gold pieces at shops.

Notes
Turn   | Place    | Note
--------------------------------------------------------------
     0 | D:1      | Ololoev, the Mummy Chaos Knight, began the quest for the Orb.
     0 | D:1      | Reached XP level 1. HP: 18/18 MP: 1/1
   134 | D:1      | XOM: smoke on damage
   199 | D:1      | XOM: divination: detect creatures
   291 | D:1      | XOM: harmless Ice miscast
   344 | D:1      | Reached XP level 2. HP: 24/24 MP: 2/2
   632 | D:1      | XOM: harmless Erth miscast
   978 | D:1      | Reached XP level 3. HP: 24/29 MP: 3/3
  1039 | D:1      | XOM: harmless Fire miscast
  1087 | D:2      | Noticed Ijyb
  1096 | D:2      | Killed Ijyb
  1317 | D:2      | Reached XP level 4. HP: 22/35 MP: 4/4
  1370 | D:2      | XOM: mild Pois miscast
  1857 | D:3      | Identified a +0 rod of shadows (14/14) (You found it on level 3 of the Dungeon)
  1859 | D:3      | XOM: confuse monster(s)
  1870 | D:3      | Reached skill level 4 in Long Blades
  2020 | D:3      | Noticed Terence
  2025 | D:3      | XOM: confuse monster(s)
  2029 | D:3      | Reached XP level 5. HP: 41/41 MP: 5/5
  2030 | D:3      | Noticed Sigmund
  2032 | D:2      | XOM: enchant monster (good)
  2064 | D:2      | Reached skill level 1 in Evocations
  2460 | D:3      | Killed Sigmund
  2623 | D:3      | Found an iron altar of Okawaru.
  2661 | D:3      | XOM: harmless Chrm miscast
  2803 | D:3      | Reached XP level 6. HP: 47/47 MP: 8/8
  2907 | D:3      | XOM: confusion (+ monsters)
  2921 | D:3      | Killed Terence
  3035 | D:3      | XOM: god gift: scroll labeled QEWYHI DOECVI
  3053 | D:3      | XOM: harmless Tloc miscast
  3558 | D:4      | Found a staircase to the Ecumenical Temple.
  4371 | D:5      | Entered Level 5 of the Dungeon
  4604 | D:5      | Noticed haldagan's ghost (experienced DsFi)
  4977 | D:5      | XOM: mild Air miscast
  5065 | D:5      | Reached XP level 7. HP: 52/52 MP: 11/11
  5066 | D:5      | Reached skill level 5 in Long Blades
  5169 | D:5      | XOM: divination: detect items
  5301 | D:5      | XOM: potion effect (brilliance)
  5552 | D:5      | Noticed Crazy Yiuf
  5568 | D:5      | Killed Crazy Yiuf
  5568 | D:5      | Reached skill level 5 in Evocations
  5760 | D:5      | Killed haldagan's ghost
  5760 | D:5      | Reached XP level 8. HP: 58/58 MP: 13/15
  6018 | D:5      | XOM: summons 1 hostile demon
  6172 | D:6      | XOM: colour smoke trail
  6351 | D:6      | XOM: summons 2 friendly demons
  6354 | D:6      | Reached skill level 6 in Evocations
  6362 | D:6      | XOM: harmless Ice miscast
  6401 | D:6      | XOM: mild Ice miscast
  6599 | D:6      | XOM: chaos cloud
  6601 | D:6      | XOM: 1-stop teleportation journey
  6708 | D:7      | XOM: mild Fire miscast
  6967 | D:7      | Noticed Menkaure
  6973 | D:7      | XOM: polymorph black bear -> warg
  6976 | D:7      | Killed Menkaure
  6995 | D:7      | Found a stormy altar of Qazlal.
  6995 | D:7      | Found a deep blue altar of Sif Muna.
  7009 | D:7      | Found a bloodstained altar of Trog.
  7009 | D:7      | Found a shattered altar of Ashenzari.
  7012 | D:7      | Found a snail-covered altar of Cheibriados.
  7018 | D:7      | Found an ancient bone altar of Kikubaaqudgha.
  7020 | D:7      | Found a basalt altar of Yredelemnul.
  7128 | D:7      | XOM: enchant monster (bad)
  7148 | D:7      | Reached skill level 7 in Evocations
  7496 | D:7      | XOM: mild Erth miscast
  7534 | D:7      | XOM: colour smoke trail
  7703 | D:6      | Noticed Eustachio
  7705 | D:6      | Noticed Eustachio
  7705 | D:6      | Eustachio changed into Eustachio the boggart
  7705 | D:6      | XOM: polymorph Eustachio -> Eustachio the boggart
  7708 | D:6      | XOM: mild Erth miscast
  7711 | D:6      | XOM: enchant monster (bad)
  7714 | D:6      | Killed Eustachio the boggart
  7797 | D:6      | Found Ghidoith's Weapon Shoppe.
  7812 | D:6      | Bought a +2 scimitar of electrocution for 242 gold pieces
  7830 | D:6      | XOM: harmless Chrm miscast
  7910 | D:6      | XOM: mild Necr miscast
  8058 | D:6      | XOM: confusion
  8151 | D:6      | XOM: chaos cloud
  8168 | D:6      | Reached XP level 9. HP: 57/63 MP: 19/19
  9006 | D:6      | XOM: noise
  9356 | D:8      | Reached skill level 8 in Evocations
 10302 | D:8      | XOM: god gift: 12 arrows of flame
 10486 | D:8      | XOM: harmless Fire miscast
 10579 | D:8      | XOM: colour smoke trail
 10745 | D:9      | XOM: summons friendly white imp
 10752 | D:9      | XOM: enchant monster (bad)
 10766 | D:9      | XOM: potion effect (curing)
 10772 | D:9      | Noticed a guardian serpent
 10772 | D:9      | a shapeshifter changed into a guardian serpent
 10776 | D:9      | Noticed a hornet
 10776 | D:9      | a guardian serpent changed into a hornet
 10780 | D:9      | Reached skill level 9 in Long Blades
 10878 | D:9      | XOM: god gift: 14 gold pieces
 11017 | D:9      | Reached XP level 10. HP: 70/70 MP: 21/21
 11073 | D:9      | XOM: smoke on damage
 11105 | D:9      | XOM: cast spell 'Summon Butterflies'
 11240 | D:9      | XOM: colour smoke trail
 11264 | D:9      | XOM: divination: magic mapping
 11661 | D:9      | XOM: god gift: 9 royal jellies
 11715 | D:9      | XOM: divination: magic mapping
 12038 | D:9      | XOM: vitrification
 12052 | D:9      | Noticed a hill giant
 12062 | D:9      | Killed a hill giant
 12070 | D:9      | XOM: god gift: leather armour {god gift}
 12157 | D:9      | XOM: vitrification
 12338 | D:9      | Reached skill level 10 in Long Blades
 12682 | D:9      | XOM: divination: detect creatures
 12891 | D:9      | XOM: smoke on damage
 13091 | D:10     | Entered Level 10 of the Dungeon
 13143 | D:10     | Noticed an oklob plant
 13143 | D:10     | a giant spore changed into an oklob plant
 13264 | D:10     | XOM: colour smoke trail
 13323 | D:10     | XOM: mild Chrm miscast
 13351 | D:10     | XOM: potion effect (brilliance)
 13404 | D:10     | XOM: divination: detect creatures
 13455 | D:10     | XOM: divination: magic mapping
 13504 | D:10     | Noticed a hill giant
 13509 | D:10     | Killed a hill giant
 13596 | D:10     | XOM: colour smoke trail
 14282 | D:10     | Reached skill level 10 in Evocations
 14461 | D:11     | XOM: divination: detect creatures
 14532 | D:11     | XOM: harmless Air miscast
 14616 | D:11     | XOM: smoke on damage
 14618 | D:11     | Noticed a cyclops
 14627 | D:11     | Reached XP level 11. HP: 51/75 MP: 24/24
 14640 | D:11     | Reached skill level 11 in Long Blades
 14793 | D:11     | Noticed a hill giant
 14805 | D:11     | Killed a hill giant
 14957 | D:10     | XOM: silly message
 15295 | D:11     | Found a staircase to the Lair.
 15314 | D:11     | Killed an unseen horror
 15547 | Lair:1   | Entered Level 1 of the Lair of Beasts
 15648 | D:11     | XOM: enchant monster (good)
 15697 | D:11     | XOM: divination: detect items
 15893 | D:11     | Noticed Psyche
 15904 | D:11     | Killed Psyche
 15907 | D:11     | Noticed a hill giant
 15929 | D:11     | Killed a hill giant
 16002 | D:11     | XOM is BORED!
 16002 | D:11     | XOM: noise
 16072 | D:11     | Killed a cyclops
 16074 | D:11     | Noticed Nergalle
 16177 | D:11     | XOM: enchant monster (good)
 16183 | D:11     | XOM: mild Tloc miscast
 16213 | D:11     | XOM: noise
 16345 | D:11     | XOM: noise
 16349 | D:11     | Killed Nergalle
 16349 | D:11     | Reached skill level 12 in Long Blades
 16406 | D:11     | XOM: mild Fire miscast
 16572 | D:11     | Noticed a hill giant
 16577 | D:11     | Killed a hill giant
 16822 | D:11     | Noticed a seven-headed hydra
 16828 | D:11     | Killed a seven-headed hydra
 16901 | D:11     | Noticed a hill giant
 16909 | D:11     | Killed a hill giant
 17172 | D:12     | XOM: mild Tloc miscast
 17183 | D:12     | XOM: chaos cloud
 17186 | D:12     | Noticed a satyr
 17186 | D:12     | a slime creature changed into a satyr
 17188 | D:12     | XOM: enchant monster (bad)
 17193 | D:12     | a satyr changed into a giant leech
 17193 | D:12     | XOM: polymorph satyr -> giant leech
 17322 | D:12     | Found a staircase to the Orcish Mines.
 17336 | D:12     | XOM: 1-stop teleportation journey
 17468 | D:12     | Noticed a seven-headed hydra
 17481 | D:12     | XOM: enchant monster (good)
 17685 | D:11     | XOM: cast spell 'Flight'
 17788 | Lair:1   | Got a polished spear
 17807 | Lair:1   | XOM: mild Erth miscast
 17938 | Lair:1   | XOM: harmless Summ miscast
 18154 | Lair:1   | Noticed a seven-headed hydra
 18172 | Lair:1   | XOM: noise
 18182 | Lair:1   | Reached XP level 12. HP: 78/81 MP: 26/26
 18229 | Lair:1   | XOM: colour smoke trail
 18457 | Lair:1   | XOM: harmless Ice miscast
 18477 | Lair:1   | Noticed Fannar
 18502 | Lair:1   | Killed Fannar
 18583 | Lair:1   | Reached skill level 13 in Long Blades
 19109 | Lair:1   | XOM: divination: detect creatures
 19156 | Lair:1   | XOM: harmless Hex miscast
 19282 | Lair:2   | XOM: scenery: 1 doors open
 19300 | Lair:2   | XOM: scenery: 1 doors close
 19664 | Lair:2   | XOM: scenery: 1 doors open
 19888 | Lair:2   | XOM: divination: magic mapping
 19939 | Lair:2   | XOM: confusion
 20832 | Lair:3   | XOM: colour smoke trail
 20881 | Lair:3   | XOM: confuse monster(s)
 20900 | Lair:3   | XOM: potion effect (brilliance)
 20966 | Lair:3   | XOM: scenery: create altars
 20970 | Lair:3   | Reached skill level 14 in Long Blades
 20994 | Lair:3   | XOM: swap monsters
 21053 | Lair:3   | Found a frozen archway.
 21072 | IceCv    | Entered an ice cave
 21183 | IceCv    | Upgraded the game from 0.16-a0-3722-g5e7e3b6 to 0.16-a0-3728-gc6b4a4b
 21224 | IceCv    | XOM: divination: detect creatures
 21476 | IceCv    | Killed haldagan's ghost
 21706 | IceCv    | XOM: swap monsters
 21716 | IceCv    | XOM: summons 7 friendly demons
 21772 | IceCv    | XOM: potion effect (heal wounds)
 21777 | IceCv    | XOM: potion effect (heal wounds)
 22018 | IceCv    | XOM: swap monsters
 22511 | IceCv    | XOM: confuse monster(s)
 22530 | IceCv    | XOM: divination: detect creatures
 22531 | IceCv    | XOM: summons friendly shadow imp
 22534 | IceCv    | XOM: summons friendly red devil
 22696 | IceCv    | XOM: god gift: ring mail {god gift}
 22793 | Lair:3   | XOM: enchant monster (good)
 22795 | Lair:3   | XOM: destruction
 22816 | Lair:3   | XOM: cast spell 'Cause Fear'
 22849 | Lair:3   | XOM: swap monsters
 23054 | Lair:3   | XOM: enchant monster (bad)
 23061 | Lair:3   | Reached skill level 1 in Dodging
 23065 | Lair:3   | XOM: noise
 23151 | Lair:3   | Reached XP level 13. HP: 84/86 MP: 27/27
 23157 | Lair:3   | XOM: divination: detect creatures
 23471 | Lair:3   | Noticed a six-headed hydra
 23481 | Lair:3   | XOM: blink monster(s)
 23492 | Lair:3   | Killed a six-headed hydra
 23707 | Lair:3   | XOM: noise
 23759 | Lair:3   | XOM: harmless Ice miscast
 23812 | Lair:3   | XOM: colour smoke trail
 24032 | Lair:3   | XOM: harmless Tloc miscast
 24099 | Lair:4   | XOM: stat loss: -1 Int (10/11)
 24304 | Lair:4   | XOM: harmless Air miscast
 24522 | Lair:4   | XOM: summons 2 hostile demons
 24641 | Lair:4   | XOM: stat loss: -1 Str (18/19)
 24838 | Lair:4   | XOM: cast spell 'Olgreb's Toxic Radiance'
 24940 | Lair:4   | XOM: destruction
 24949 | Lair:4   | XOM: divination: detect items
 24954 | Lair:4   | XOM: swap monsters
 25031 | Lair:4   | XOM: god gift: meat ration
 25128 | Lair:4   | XOM: god gift: 10 sling bullets of frost
 25205 | Lair:5   | XOM: stealth player
 25342 | Lair:5   | Found a bloodstained altar of Trog.
 25366 | Lair:5   | XOM: cast spell 'Discord'
 25502 | Lair:5   | XOM: enchant monster (good)
 25608 | Lair:5   | Noticed Harold
 25611 | Lair:5   | XOM: god gift: 380 gold pieces
 25701 | Lair:5   | XOM: god gift: glowing triple sword {god gift}
 25738 | Lair:5   | XOM: scenery: 1 doors open
 25985 | Lair:5   | XOM: fog
 26257 | Lair:5   | Killed Harold
 26282 | Lair:5   | XOM: scenery: 1 doors close
 26702 | Lair:5   | Reached skill level 5 in Fighting
 26933 | Lair:5   | XOM: god gift: cabochon ring {god gift}
 26974 | Lair:5   | XOM: god gift: 45 gold pieces
 27146 | Lair:6   | Found a hole to the Spider Nest.
 27240 | Lair:6   | XOM: enchant monster (good)
 27245 | Lair:6   | Found a staircase to the Shoals.
 27370 | Lair:6   | XOM: harmless Hex miscast
 27380 | Lair:6   | XOM: colour smoke trail
 27449 | Lair:6   | Found a staircase to the Slime Pits.
 28002 | Lair:7   | XOM: 1-stop teleportation journey
 28081 | Lair:7   | XOM: harmless Tloc miscast
 28178 | Lair:7   | XOM: 3-stop teleportation journey
 28294 | Lair:7   | XOM: divination: detect items
 28818 | Lair:7   | XOM: summons friendly ufetubus
 28944 | Lair:7   | XOM: noise
 28966 | Lair:7   | XOM: divination: detect creatures
 29022 | Lair:7   | XOM: summons friendly crimson imp
 29163 | Lair:7   | XOM: harmless Erth miscast
 29176 | Lair:7   | XOM: colour smoke trail
 29230 | Lair:7   | XOM: enchant monster (good)
 29248 | Lair:7   | Reached skill level 5 in Armour
 29504 | Lair:7   | XOM: silly message
 29610 | Lair:8   | Entered Level 8 of the Lair of Beasts
 29635 | Lair:8   | Got a shimmering blowgun
 29710 | Lair:8   | XOM: silly message
 29711 | Lair:8   | XOM: harmless Pois miscast
 29715 | Lair:8   | Identified the +1 blowgun of the Radish {speed, rC+ rN+ Str-2 Dex+5} (You found it on level 8 of the Lair of Beasts)
 29908 | Lair:8   | XOM: fog
 29961 | Lair:8   | Reached XP level 14. HP: 101/101 MP: 29/29
 29999 | Lair:8   | XOM: god gift: 21 gold pieces
 30204 | Lair:8   | XOM: fake destruction
 30205 | Lair:8   | XOM: potion effect (haste)
 30338 | Lair:8   | XOM: divination: detect creatures
 30350 | Lair:7   | Reached skill level 5 in Dodging
 30779 | Lair:8   | XOM: confuse monster(s)
 31115 | Lair:8   | XOM: god gift: 31 gold pieces
 31355 | Lair:8   | XOM: 3-stop teleportation journey
 31357 | Lair:8   | XOM: noise
 31359 | Lair:8   | XOM: enchant monster (good)
 31537 | Lair:8   | XOM: summons 2 friendly demons
 31541 | Lair:8   | XOM: potion effect (invisibility)
 31553 | Lair:8   | XOM: divination: detect items
 31555 | Lair:8   | XOM: blink monster(s)
 31583 | Lair:8   | XOM: noise
 31589 | Lair:8   | XOM: cast spell 'Summon Swarm'
 31749 | Lair:8   | XOM: confusion (+ monsters)
 32000 | Lair:7   | XOM: mild Conj miscast
 32106 | Lair:2   | Noticed DEFE's ghost (powerful HEWr)
 32118 | Lair:2   | Killed DEFE's ghost
 32174 | Lair:1   | Killed a seven-headed hydra
 32278 | Lair:1   | XOM: colour smoke trail
 32360 | D:12     | XOM: mild Pois miscast
 32496 | D:12     | Noticed Sonja
 32513 | D:12     | Killed Sonja
 32535 | D:12     | XOM: silly message
 32981 | D:12     | XOM: colour smoke trail
 33104 | D:12     | Killed a seven-headed hydra
 33226 | D:13     | XOM: potion effect (invisibility)
 33284 | D:13     | XOM: potion effect (curing)
 33409 | D:13     | XOM: cast spell 'Confusing Touch'
 33413 | D:13     | XOM: divination: detect creatures
 33414 | D:13     | XOM: blink monster(s)
 33418 | D:13     | XOM: chaos cloud
 33490 | D:13     | XOM: confusion
 33504 | D:13     | XOM: summons friendly ufetubus
 33612 | D:13     | XOM: confuse monster(s)
 33624 | D:13     | XOM: summons friendly quasit
 33632 | D:13     | Reached skill level 1 in Shields
 33658 | D:13     | XOM: polymorph quasit -> iron imp
 33677 | D:13     | XOM: enchant monster (good)
 33678 | D:13     | XOM: summons friendly shadow imp
 33784 | D:13     | Found a gate to the Vaults.
 34094 | D:13     | XOM: 4-stop teleportation journey
 34192 | D:13     | XOM: enchant monster (bad)
 34307 | D:13     | XOM: colour smoke trail
 34391 | D:13     | XOM: summons 7 hostile demons
 34532 | D:14     | XOM: stealth player
 34551 | D:14     | XOM: blink monster(s)
 34599 | D:14     | XOM: blink monster(s)
 34627 | D:14     | Found a glowing golden altar of the Shining One.
 34655 | D:14     | XOM: divination: magic mapping
 34786 | D:14     | XOM: summons 4 hostile shadow creatures
 34896 | D:13     | XOM: 2-stop teleportation journey
 34939 | D:14     | XOM: fog
 35280 | D:14     | XOM: 2-stop teleportation journey
 35420 | D:14     | XOM: scenery: create altars
 35462 | D:14     | XOM: god gift: 6 meat rations
 35966 | D:14     | Found a white marble altar of Elyvilon.
 36010 | D:15     | Entered Level 15 of the Dungeon
 36062 | D:15     | XOM: fog
 36063 | D:15     | XOM: swap monsters
 36252 | D:15     | Reached skill level 5 in Shields
 36259 | D:15     | Found Qidwous' Antique Armour Shop.
 36268 | D:15     | Bought a runed helmet for 144 gold pieces
 36289 | D:15     | Bought a shiny scale mail for 128 gold pieces
 36365 | D:15     | Reached XP level 15. HP: 110/110 MP: 30/30
 36379 | D:15     | XOM: fake destruction
 36453 | D:15     | Identified the Reference Book on Attacks and the Oath
 36758 | D:15     | XOM: summons 5 friendly demons
 36908 | D:15     | XOM: 8-stop teleportation journey
 36951 | D:15     | XOM: god gift: bubbling black potion
 37042 | D:15     | XOM: polymorph cyan ugly thing -> hill giant
 37068 | D:15     | XOM: potion effect (brilliance)
 37071 | D:15     | XOM: confuse monster(s)
 37073 | D:15     | XOM: confuse monster(s)
 37261 | D:15     | XOM: enchant monster (good)
 37467 | D:15     | XOM: potion effect (might)
 37552 | D:15     | XOM: scenery: 1 doors close
 37790 | D:15     | Noticed Urug
 37801 | D:15     | Killed Urug
 38100 | D:15     | XOM: silly message
 38198 | D:15     | XOM: god gift: 7 meat rations
 38363 | D:15     | Found a staircase to the Depths.
 38536 | Orc:1    | Entered Level 1 of the Orcish Mines
 38788 | Orc:2    | Noticed Erica
 38803 | Orc:2    | Killed Erica
 38990 | Orc:3    | Noticed Snorg
 38990 | Orc:3    | XOM: cast spell 'Call Canine Familiar'
 38992 | Orc:3    | XOM: polymorph warg -> fire drake
 38999 | Orc:3    | Killed Snorg
 39019 | Orc:2    | XOM: 5-stop teleportation journey
 39149 | Orc:2    | XOM: smoke on damage
 39154 | Orc:2    | XOM: enchant monster (good)
 39258 | Orc:2    | XOM: 1-stop teleportation journey
 39276 | Orc:2    | XOM: vitrification
 39301 | Orc:2    | XOM: polymorph orc -> orc
 39476 | Orc:2    | XOM: mild Air miscast
 40299 | Orc:3    | XOM: god gift: pair of boots {god gift}
 40521 | Orc:3    | XOM: vitrification
 41071 | Orc:3    | XOM: god gift: coiled iron ring {god gift}
 41075 | Orc:3    | Got a coiled iron ring {god gift}
 41076 | Orc:3    | Identified the ring "Froadd" {SustAb rF+ rC+ rN- Int+2 SInv} (Xom gifted it to you on level 3 of the Orcish Mines)
 41134 | Orc:4    | Entered Level 4 of the Orcish Mines
 41135 | Orc:4    | Found Zikk's Jewellery Shoppe.
 41224 | Orc:4    | Found Cirum's Quality Used Wands.
 41224 | Orc:4    | Found Usagorau's Assorted Antiques.
 41229 | Orc:4    | XOM: vitrification
 41237 | Orc:4    | Bought a crooked wooden wand for 124 gold pieces
 41340 | Orc:4    | Found Noxathann's Gadget Emporium.
 41394 | Orc:4    | XOM: confusion (+ monsters)
 41539 | Orc:3    | XOM: noise
 41950 | Orc:3    | XOM: mild Necr miscast
 41988 | Orc:3    | XOM: noise
 42077 | Orc:3    | XOM: colour smoke trail
 42256 | Orc:4    | XOM: colour smoke trail
 42300 | Orc:3    | XOM: divination: detect creatures
 42307 | Orc:4    | Found a staircase to the Elven Halls.
 42347 | Orc:4    | Found Thribaage's Jewellery Shoppe.
 42351 | Orc:4    | Found Daotax's Antique Armour Boutique.
 42358 | Orc:4    | Found Kleugeho's General Store.
 42360 | Orc:4    | Found Shridile's Weapon Emporium.
 42507 | Orc:4    | Found Pnaatwow's Distillery.
 42560 | Orc:4    | Found Tiyhog's Armour Boutique.
 42625 | Orc:4    | Bought a pair of scorched boots for 332 gold pieces
 42635 | Orc:4    | Identified the -5 pair of boots of the Will of the Gods {rC+} (You bought it in a shop on level 4 of the Orcish Mines)
 42678 | Orc:4    | Bought a scroll labeled HUYRERR TRIOF for 31 gold pieces
 42678 | Orc:4    | Bought a scroll of identify for 62 gold pieces
 42678 | Orc:4    | Bought a pair of glowing gloves for 139 gold pieces
 42678 | Orc:4    | Bought a scroll of immolation for 108 gold pieces
 42678 | Orc:4    | Bought a shiny plate armour for 713 gold pieces
 42694 | Orc:4    | XOM: divination: detect creatures
 42786 | Orc:4    | Bought a +0 rod of clouds (12/12) for 1190 gold pieces
 43495 | Spider:1 | Entered Level 1 of the Spider Nest
 43499 | Spider:1 | XOM: cast spell 'Blink'
 43509 | Spider:1 | Reached skill level 1 in Throwing
 43838 | Spider:1 | XOM: silly message
 43881 | Spider:1 | XOM: harmless Pois miscast
 44297 | Spider:1 | XOM: colour smoke trail
 44415 | Spider:1 | XOM: enchant monster (good)
 44629 | Spider:2 | Noticed Jorgrun
 44633 | Spider:1 | Reached XP level 16. HP: 118/118 MP: 32/32
 44663 | Spider:2 | Noticed Nessos
 44680 | Spider:2 | Killed Nessos
 45029 | Spider:2 | XOM: smoke on damage
 45034 | Spider:2 | Killed Jorgrun
 45040 | Spider:2 | XOM: noise
 45042 | Spider:2 | XOM: enchant monster (bad)
 45102 | Spider:1 | XOM: mild Pois miscast
 45226 | Spider:1 | XOM is BORED!
 45226 | Spider:1 | XOM: mild Necr miscast
 45417 | Spider:2 | XOM: blink monster(s)
 45422 | Spider:2 | XOM: potion effect (agility)
 45539 | Spider:2 | XOM: confuse monster(s)
 45933 | Spider:2 | XOM: silly message
 45949 | Spider:3 | XOM: confuse monster(s)
 46012 | Spider:3 | XOM: harmless Hex miscast
 46251 | Spider:3 | XOM: noise
 46309 | Spider:3 | XOM: mild Fire miscast
 46372 | Spider:3 | XOM: stat loss: -1 Str (23/23)
 46667 | Spider:3 | XOM: enchant monster (bad)
 46923 | Spider:3 | XOM: summons 8 hostile demons
 46957 | Spider:3 | XOM: noise
 46963 | Spider:3 | XOM: medium Divn miscast
 47125 | Spider:3 | XOM: harmless Conj miscast
 47135 | Spider:3 | XOM: scenery: create altars
 47903 | Spider:4 | Noticed Asterion
 47921 | Spider:4 | Noticed a spectral weapon
 47922 | Spider:4 | Killed Asterion
 47983 | Spider:4 | XOM: 1-stop teleportation journey
 48092 | Spider:4 | Noticed Azrael
 48106 | Spider:4 | Noticed Azrael
 48106 | Spider:4 | Azrael changed into Azrael the rakshasa
 48106 | Spider:4 | XOM: polymorph Azrael -> Azrael the rakshasa
 48113 | Spider:4 | XOM: cast spell 'Summon Ice Beast'
 48339 | Spider:4 | XOM: cast spell 'Summon Ice Beast'
 48350 | Spider:4 | Killed Azrael the rakshasa
 48354 | Spider:4 | Killed Azrael the rakshasa
 48355 | Spider:4 | Killed Azrael the rakshasa
 48377 | Spider:4 | XOM: colour smoke trail
 48554 | Spider:4 | XOM: 8-stop teleportation journey
 48848 | Spider:4 | XOM: confusion
 48849 | Spider:4 | XOM: summons 3 friendly demons
 49235 | Spider:4 | XOM: potion effect (curing)
 49330 | Spider:5 | Entered Level 5 of the Spider Nest
 49357 | Spider:5 | XOM: noise
 49589 | Spider:5 | Noticed Mara
 49614 | Spider:4 | Reached skill level 10 in Fighting
 49654 | Spider:4 | XOM: cast spell 'Flight'
 49719 | Spider:4 | XOM: harmless Trmt miscast
 49731 | Spider:4 | XOM: colour smoke trail
 49848 | Lair:6   | XOM: harmless Pois miscast
 49879 | Shoals:1 | Entered Level 1 of the Shoals
 50092 | Shoals:1 | Found Pha Chaf's Book Shoppe.
 50177 | Shoals:1 | XOM: silly message
 50229 | Shoals:1 | XOM: 3-stop teleportation journey
 50588 | Shoals:2 | Found a flickering gateway to a bazaar.
 50680 | Shoals:3 | XOM: 2-stop teleportation journey
 50699 | Shoals:3 | Reached XP level 17. HP: 115/128 MP: 31/33
 50737 | Shoals:3 | XOM: harmless Ice miscast
 50748 | Bazaar   | Entered a bazaar
 50752 | Bazaar   | Found Bomiaces' Distillery.
 50770 | Bazaar   | Found Zilidimo's Antique Weapon Emporium.
 50770 | Bazaar   | XOM: 2-stop teleportation journey
 50785 | Bazaar   | Found Clab's Magic Scroll Boutique.
 50802 | Bazaar   | Found Twicvoj's Gadget Shoppe.
 50810 | Bazaar   | XOM: 5-stop teleportation journey
 50916 | Shoals:2 | XOM: harmless Divn miscast
 50988 | Shoals:2 | XOM: harmless Tloc miscast
 51368 | Shoals:2 | XOM: vitrification
 51473 | Shoals:3 | XOM: fog
 51509 | Shoals:2 | XOM is BORED!
 51509 | Shoals:2 | XOM: mild Air miscast
 51519 | Shoals:3 | Reached skill level 15 in Evocations
 51823 | Shoals:3 | XOM: enchant monster (bad)
 52317 | Shoals:4 | XOM: noise
 52325 | Shoals:4 | XOM: divination: detect creatures
 52328 | Shoals:4 | XOM: confuse monster(s)
 52433 | Shoals:4 | XOM: summons friendly iron imp
 52658 | Shoals:4 | Got an encrusted ring mail
 52659 | Shoals:4 | Identified the cursed -8 ring mail of Limited Liability {MP+9 Str+4} (You took it off a merfolk on level 4 of the Shoals)
 52772 | Shoals:4 | XOM: confuse monster(s)
 52934 | Shoals:4 | XOM: cast spell 'Summon Butterflies'
 53017 | Shoals:4 | Identified a +0 rod of destruction (14/14) (You took it off a siren on level 4 of the Shoals)
 53328 | Shoals:5 | Entered Level 5 of the Shoals
 53333 | Shoals:5 | XOM: blink monster(s)
 53355 | Shoals:5 | XOM: mild Necr miscast
 53376 | Shoals:5 | XOM: enchant monster (bad)
 53378 | Shoals:5 | XOM: noise
 53389 | Shoals:5 | XOM: harmless Trmt miscast
 53400 | Shoals:5 | XOM: silly message
 53606 | Shoals:4 | XOM: mild Pois miscast
 53680 | Shoals:4 | XOM: noise
 53760 | Shoals:5 | XOM: blink monster(s)
 53927 | Shoals:5 | XOM: noise
 54055 | Shoals:5 | XOM: harmless Fire miscast
 54061 | Shoals:5 | XOM: blink monster(s)
 54182 | Shoals:5 | XOM: blink monster(s)
 54341 | Shoals:5 | XOM: 1-stop teleportation journey
 54381 | Shoals:5 | XOM: silly message
 54386 | Shoals:5 | XOM: medium Necr miscast
 54649 | Shoals:5 | XOM: enchant monster (bad)
 54772 | Shoals:4 | XOM: colour smoke trail
 54809 | Shoals:4 | XOM: noise
 54957 | Shoals:4 | XOM: medium Pois miscast
 55032 | Shoals:5 | Noticed Ilsuiw
 55044 | Shoals:5 | XOM: summons friendly ufetubus
 55060 | Shoals:5 | Killed Ilsuiw
 55143 | Shoals:5 | XOM: divination: detect creatures
 55154 | Shoals:5 | XOM is BORED!
 55154 | Shoals:5 | XOM: mild Air miscast
 55257 | Shoals:5 | XOM: enchant monster (bad)
 55270 | Shoals:5 | XOM: enchant monster (good)
 55358 | Shoals:5 | XOM: enchant monster (good)
 55432 | Shoals:5 | XOM: divination: detect items
 55439 | Shoals:5 | XOM: divination: magic mapping
 55576 | Shoals:4 | XOM: god gift: 26 gold pieces
 55727 | Shoals:4 | XOM: destruction
 55911 | Shoals:5 | XOM: harmless Tloc miscast
 56082 | Shoals:5 | XOM: enchant monster (bad)
 56653 | Shoals:5 | XOM: silly message
 56778 | Shoals:5 | XOM: silly message
 56888 | Shoals:5 | XOM: enchant monster (good)
 56920 | Shoals:5 | XOM: harmless Fire miscast
 57025 | Shoals:5 | Got a barnacled rune of Zot
 57337 | Lair:2   | XOM: god gift: 10 sling bullets of flame
 57491 | D:15     | XOM: polymorph basilisk -> polar bear
 57535 | Depths:1 | Entered Level 1 of the Depths
 57574 | Depths:1 | Noticed Norris
 57575 | Depths:1 | XOM: mild Conj miscast
 57577 | Depths:1 | XOM: blink monster(s)
 57839 | Vaults:1 | Entered Level 1 of the Vaults
 58083 | Vaults:1 | XOM: confusion (+ monsters)
 58095 | Vaults:1 | Reached XP level 18. HP: 140/140 MP: 34/34
 58411 | Vaults:1 | XOM: draining
 58515 | Vaults:1 | XOM: 5-stop teleportation journey
 58522 | Vaults:1 | Reached skill level 10 in Dodging
 58655 | Vaults:1 | XOM: summons 2 hostile shadow creatures
 58791 | Vaults:1 | Identified a scroll of acquirement
 58857 | Vaults:1 | XOM is BORED!
 58857 | Vaults:1 | XOM: summons 3 hostile shadow creatures
 59003 | Vaults:1 | XOM: silly message
 59164 | Vaults:1 | XOM: god gift: 6 silver javelins
 59346 | Vaults:1 | XOM: confusion (+ monsters)
 59428 | Vaults:1 | XOM: mild Ice miscast
 59598 | Vaults:1 | XOM: colour smoke trail
 59728 | Vaults:2 | XOM: summons friendly shadow imp
 59729 | Vaults:2 | Reached skill level 10 in Armour
 59756 | Vaults:1 | XOM: mild Divn miscast
 60407 | Vaults:2 | XOM: enchant monster (good)
 60414 | Vaults:2 | XOM: confuse monster(s)
 60429 | Vaults:2 | XOM: blink monster(s)
 60436 | Vaults:2 | XOM: fog
 60536 | Vaults:2 | XOM: mild Necr miscast
 60821 | Vaults:2 | Reached skill level 16 in Evocations
 60827 | Vaults:2 | XOM: chaos cloud
 61018 | Vaults:2 | XOM: harmless Air miscast
 61045 | Vaults:2 | XOM: destruction
 61069 | Vaults:2 | XOM: potion effect (brilliance)
 61098 | Vaults:2 | XOM: enchant monster (good)
 61170 | Vaults:2 | XOM: scenery: 1 doors close
 61221 | Vaults:2 | XOM: enchant monster (bad)
 61224 | Vaults:2 | XOM: summons 14 friendly demons
 61389 | Vaults:2 | XOM: harmless Air miscast
 61397 | Vaults:2 | XOM: summons 1 hostile demon
 61454 | Vaults:2 | Noticed Agnes
 61738 | Vaults:2 | XOM: swap monsters
 61954 | Vaults:1 | XOM: scenery: 2 doors close
 62142 | Vaults:2 | XOM: harmless Chrm miscast
 62181 | Vaults:2 | XOM: summons 7 friendly demons
 62214 | Vaults:2 | XOM: silly message
 62257 | Vaults:2 | XOM: noise
 62502 | Vaults:2 | XOM: confuse monster(s)
 62503 | Vaults:2 | XOM: potion effect (might)
 62512 | Vaults:2 | Killed Agnes
 62618 | Vaults:2 | XOM: harmless Chrm miscast
 62744 | Vaults:2 | XOM: summons friendly iron imp
 62839 | Vaults:2 | XOM: polymorph iron imp -> quasit
 63037 | Vaults:2 | XOM: silly message
 63317 | Vaults:2 | Found Strugrapa's Antique Weapon Shoppe.
 64186 | Vaults:2 | XOM: colour smoke trail
 64395 | Vaults:3 | Identified the Catalogue of Conjuration
 64423 | Vaults:3 | XOM: swap monsters
 64425 | Vaults:3 | XOM: mild Tloc miscast
 64438 | Vaults:3 | Reached XP level 19. HP: 140/149 MP: 35/35
 64746 | Vaults:3 | XOM: god gift: fuming cyan potion
 64788 | Vaults:3 | XOM: enchant monster (bad)
 64942 | Vaults:3 | XOM: summons 10 friendly demons
 64957 | Vaults:3 | Found a staircase to the Crypt.
 64957 | Vaults:3 | Found a basalt altar of Yredelemnul.
 64957 | Vaults:3 | Found an ancient bone altar of Kikubaaqudgha.
 65021 | Vaults:3 | XOM: divination: detect items
 65316 | Vaults:3 | XOM: enchant monster (good)
 65385 | Vaults:3 | XOM: scenery: 2 doors open
 65420 | Vaults:3 | XOM: god gift: scroll of teleportation
 65595 | Vaults:3 | XOM: god gift: plate armour {god gift}
 65608 | Vaults:3 | XOM: divination: detect creatures
 65862 | Vaults:3 | XOM: summons 15 friendly demons
 65934 | Vaults:3 | XOM: polymorph deep troll -> moth of wrath
 66015 | Vaults:3 | XOM: confuse monster(s)
 66227 | Vaults:3 | XOM: harmless Chrm miscast
 66501 | Vaults:4 | XOM: noise
 66513 | Vaults:4 | XOM: cast spell 'Warp Weapon'
 66783 | Vaults:4 | XOM: polymorph deep elf mage -> warg
 66828 | Vaults:4 | Noticed Saint Roka
 66846 | Vaults:4 | Killed Saint Roka
 66958 | Vaults:4 | XOM: cast spell 'Call Canine Familiar'
 67225 | Vaults:4 | Noticed Boris
 67225 | Vaults:4 | XOM: blink monster(s)
 67243 | Vaults:4 | XOM: mild Ice miscast
 67299 | Vaults:3 | XOM: enchant monster (bad)
 67304 | Vaults:3 | XOM: chaos cloud
 67318 | Vaults:3 | XOM: polymorph ogre -> ice beast
 67390 | Vaults:3 | XOM: silly message
 67634 | Vaults:3 | XOM: noise
 67752 | Vaults:4 | XOM: confusion
 67753 | Vaults:4 | XOM: divination: detect creatures
 67756 | Vaults:4 | XOM: summons 2 friendly demons
 67881 | Vaults:3 | XOM: mild Hex miscast
 68126 | Vaults:4 | Killed Boris
 68287 | Vaults:4 | Reached skill level 10 in Shields
 68641 | Vaults:4 | XOM: mild Ice miscast
 68660 | Vaults:4 | XOM: swap monsters
 68781 | Vaults:4 | Reached skill level 17 in Evocations
 68923 | Vaults:4 | XOM: smoke on damage
 69204 | Vaults:1 | XOM: cast spell 'Dispersal'
 69464 | Lair:4   | XOM: scenery: create altars
 69630 | Spider:5 | XOM: harmless Divn miscast
 70125 | Spider:5 | XOM: noise
 70137 | Spider:5 | Reached XP level 20. HP: 159/159 MP: 36/36
 70304 | Spider:4 | XOM: god gift: 53 gold pieces
 70465 | Spider:5 | XOM: divination: detect items
 70553 | Spider:5 | XOM: harmless Chrm miscast
 70568 | Spider:5 | Noticed Ololoev's illusion
 70573 | Spider:5 | XOM: 1-stop teleportation journey
 70749 | Spider:5 | XOM: confusion
 70915 | Spider:5 | Killed Mara
 70982 | Spider:5 | XOM: swap monsters
 71470 | Spider:5 | XOM: summons 10 hostile demons
 71730 | Spider:5 | Got a gossamer rune of Zot
 71740 | Spider:5 | XOM: summons 4 hostile shadow creatures
 71804 | Spider:5 | XOM: mild Conj miscast
 71892 | Spider:5 | XOM: harmless Erth miscast
 71896 | Spider:5 | Got a scorched battleaxe
 71897 | Spider:5 | Identified the +10 battleaxe "Pniufa" {venom, +Inv rF+} (You found it on level 5 of the Spider Nest)
 71901 | Spider:5 | XOM: summons 10 hostile demons
 72331 | Slime:1  | Entered Level 1 of the Pits of Slime
 72645 | Slime:1  | XOM: medium Conj miscast
 72665 | Lair:6   | XOM: harmless Hex miscast
 72777 | Slime:1  | Noticed Xiguana's ghost (powerful TrMo)
 72791 | Slime:1  | Killed Xiguana's ghost
 73380 | Lair:1   | XOM: colour smoke trail
 73525 | Depths:1 | Killed Norris
 73651 | Depths:1 | XOM: severe Trmt miscast
 73952 | D:15     | XOM: harmless Trmt miscast
 73957 | Depths:1 | XOM: harmless Conj miscast
 74282 | Depths:1 | XOM: harmless Chrm miscast
 74391 | Depths:1 | XOM: enchant monster (good)
 74494 | Depths:1 | XOM: vitrification
 74546 | Depths:1 | Found Wecon's Demolitions Depot.
 74585 | Depths:1 | Upgraded the game from 0.16-a0-3728-gc6b4a4b to 0.16-a0-3749-g20dbed2
 74637 | Depths:1 | XOM: mild Hex miscast
 74680 | Depths:1 | Found a gateway to Hell.
 74786 | Depths:1 | XOM: summons friendly iron imp
 74803 | Depths:1 | XOM: potion effect (heal wounds)
 74820 | Depths:1 | XOM: summons friendly iron imp
 74824 | Depths:1 | XOM: noise
 75005 | Depths:1 | XOM: cast spell 'Metabolic Englaciation'
 75009 | Depths:1 | XOM: cast spell 'Shadow Creatures'
 75311 | Depths:1 | XOM: god gift: ring of positive energy {god gift}
 75318 | Depths:1 | Found a one-way gate leading to the halls of Pandemonium.
 75337 | Depths:1 | XOM: enchant monster (good)
 75438 | Depths:1 | XOM: vitrification
 75497 | Depths:1 | Found a one-way gate to the infinite horrors of the Abyss.
 75727 | Depths:1 | XOM: god gift: 6 javelins of penetration
 75834 | Depths:1 | XOM: enchant monster (bad)
 75959 | Depths:1 | XOM: smoke on damage
 76077 | Depths:2 | XOM: summons 9 friendly demons
 76185 | Depths:2 | XOM: 4-stop teleportation journey
 76292 | Depths:1 | XOM: god gift: 3 meat rations
 76622 | Depths:2 | XOM: fake destruction
 77080 | Depths:2 | XOM: chaos upgrade
 77143 | Depths:2 | XOM: enchant monster (good)
 77266 | Depths:2 | Reached XP level 21. HP: 167/167 MP: 37/37
 77268 | Depths:2 | Paralysed by a great orb of eyes for 4 turns
 77272 | Depths:2 | XOM: 1-stop teleportation journey
 77335 | Depths:2 | Noticed a golden dragon
 77356 | Depths:2 | Killed a golden dragon
 77477 | Depths:2 | Noticed a caustic shrike
 77491 | Depths:2 | Killed a caustic shrike
 77491 | Depths:2 | Reached skill level 15 in Fighting
 77719 | Depths:1 | XOM: harmless Conj miscast
 78188 | Shoals:1 | Bought a book of Minor Magic for 320 gold pieces
 78191 | Shoals:1 | Learned a level 2 spell: Blink
 78194 | Shoals:1 | Learned a level 2 spell: Repel Missiles
 78263 | Lair:6   | XOM: cast spell 'Summon Butterflies'
 78615 | Depths:2 | Got an ichor-stained blowgun
 78616 | Depths:2 | Identified the +4 blowgun of Purpose {speed, -Tele rPois- MR+ HP+9 MP+9 Str+4} (You found it on level 2 of the Depths)
 78736 | Depths:2 | Reached skill level 1 in Translocations
 78736 | Depths:2 | Reached skill level 1 in Air Magic
 78752 | Depths:2 | Got a slimy brass ring
 78755 | Depths:2 | Identified the ring of the Okapi {*Tele rPois+ rC+ Int+2} (You found it on level 2 of the Depths)
 78843 | Depths:2 | XOM: potion effect (curing)
 78949 | Depths:2 | Found Esimiud's Armour Shop.
 78994 | Depths:2 | XOM: harmless Air miscast
 79014 | Depths:2 | XOM: fake destruction
 79037 | Depths:2 | XOM: enchant monster (bad)
 79067 | Depths:2 | Got a warped tin ring
 79069 | Depths:2 | Identified the ring of Gejed {rF- rN+ Str+3 Int+4 Slay+6 SInv} (You found it on level 2 of the Depths)
 79405 | Depths:2 | Found Shedeun's Assorted Antiques.
 79412 | Depths:2 | Bought a transparent ring mail for 225 gold pieces
 79412 | Depths:2 | Identified the +1 ring mail of Zazob {rPois+ rN+ HP+9 Slay+4} (You bought it in a shop on level 2 of the Depths)
 79433 | Depths:2 | Bought a runed hat for 100 gold pieces
 79433 | Depths:2 | Bought a pair of glowing boots for 112 gold pieces
 79453 | Depths:2 | Identified a +1 pair of boots of running (You bought it in a shop on level 2 of the Depths)
 79641 | Depths:2 | XOM: enchant monster (good)
 79649 | Depths:2 | XOM: medium Fire miscast
 79689 | Depths:2 | Got a warped iron ring
 79691 | Depths:2 | Identified the ring of Lady Luck {rF+ rC+ rN+} (You took it off a deep elf knight on level 2 of the Depths)
 79772 | Depths:1 | XOM: enchant monster (bad)
 79798 | Depths:1 | XOM: polymorph cyan ugly thing -> four-headed hydra
 79804 | Depths:1 | XOM: enchant monster (bad)
 79984 | D:12     | XOM: medium Necr miscast
 80124 | Elf:1    | Entered Level 1 of the Elven Halls
 80366 | Elf:1    | XOM: swap weapons
 80415 | Elf:1    | XOM: confuse monster(s)
 80417 | Elf:1    | XOM: summons friendly iron imp
 80418 | Elf:1    | Noticed Nikola
 80449 | Elf:1    | XOM: potion effect (brilliance)
 80464 | Elf:1    | XOM: enchant monster (good)
 80510 | Elf:1    | XOM: divination: detect creatures
 80726 | Elf:1    | Identified Sif Muna's Grimoire of Summoning (You found it on level 1 of the Elven Halls)
 80884 | Elf:1    | Got a crude ring mail
 80885 | Elf:1    | Identified the +2 ring mail of the Serpent {+Twstr rCorr} (You found it on level 1 of the Elven Halls)
 81116 | Elf:1    | XOM is BORED!
 81116 | Elf:1    | XOM: mild Necr miscast
 81123 | Elf:1    | XOM: mild Erth miscast
 81249 | Elf:1    | Killed Nikola
 81333 | Elf:2    | Got a bronze chain mail
 81334 | Elf:2    | Identified the cursed -1 chain mail of the Suburbs {rPois+ rN+ Int+3 Stlth+} (You found it on level 2 of the Elven Halls)
 81362 | Elf:2    | Found a runed gate.
 81362 | Elf:2    | Found a runed gate.
 81366 | Elf:2    | XOM: silly message
 81368 | Elf:2    | Found a runed gate.
 81446 | Elf:2    | Reached skill level 5 in Air Magic
 81759 | Elf:3    | Entered Level 3 of the Elven Halls
 81781 | Elf:3    | Found Gonasch's Magic Scroll Boutique.
 81861 | Elf:3    | XOM: god gift: 10 poisoned arrows
 81894 | Elf:3    | XOM: swap monsters
 82054 | Elf:3    | XOM: confuse monster(s)
 82062 | Elf:3    | XOM: potion effect (curing)
 82423 | Elf:3    | XOM: blink monster(s)
 82440 | Elf:3    | Reached skill level 18 in Evocations
 82524 | Elf:3    | XOM: enchant monster (good)
 82642 | Elf:3    | XOM: enchant monster (bad)
 82713 | Elf:3    | Reached skill level 5 in Translocations
 82797 | Elf:3    | XOM: cast spell 'Warp Weapon'
 82813 | Elf:3    | XOM: mild Summ miscast
 82822 | Elf:3    | XOM: divination: detect creatures
 83000 | Elf:3    | Reached XP level 22. HP: 161/175 MP: 38/38
 83107 | Elf:3    | XOM: divination: detect creatures
 83127 | Elf:3    | XOM: silly message
 83288 | Elf:3    | XOM: potion effect (heal wounds)
 83368 | Elf:3    | Got a transparent helmet
 83376 | Elf:3    | Learned a level 1 spell: Apportation
 83387 | Elf:3    | Got a pair of dazzling gloves
 83388 | Elf:3    | Identified the cursed -1 helmet "Nudant" {rF- rN- rCorr HP+9 Str+3} (You found it on level 3 of the Elven Halls)
 83390 | Elf:3    | Identified the +0 pair of gloves of Nemelex Xobeh's Favour {rF++ Str+3 Stlth+} (You found it on level 3 of the Elven Halls)
 83424 | Elf:3    | Identified Xuzxedys' Reference Book on Cold and Evil
 83797 | Elf:3    | XOM: summons friendly shadow imp
 83981 | D:15     | XOM: mild Chrm miscast
 84056 | Depths:3 | XOM: harmless Trmt miscast
 84325 | Depths:3 | Found a gateway to a ziggurat.
 84353 | Depths:3 | XOM: blink monster(s)
 84370 | Depths:3 | XOM: mild Fire miscast
 84901 | Depths:3 | XOM: silly message
 84950 | Depths:3 | XOM: silly message
 84986 | Depths:3 | XOM: summons friendly crimson imp
 85212 | Depths:3 | XOM: enchant monster (good)
 85291 | Depths:3 | XOM: mild Fire miscast
 85407 | Depths:3 | XOM: cast spell 'Summon Small Mammal'
 85624 | Depths:3 | Found a runed door.
 85632 | Depths:3 | Found a runed door.
 85639 | Depths:3 | XOM: colour smoke trail
 85683 | Depths:3 | XOM: noise
 85727 | Depths:3 | Found a burning altar of Makhleb.
 85740 | Depths:3 | Got a clouded tin ring
 85741 | Depths:3 | Identified the ring "Struen" {+Inv rC+ rN- Str+2} (You found it on level 3 of the Depths)
 85952 | Depths:3 | Reached skill level 10 in Air Magic
 86036 | Depths:3 | XOM: divination: detect creatures
 86066 | Depths:3 | XOM: confuse monster(s)
 86200 | Depths:3 | XOM: divination: detect creatures
 86287 | Depths:3 | XOM: silly message
 86465 | Depths:3 | XOM: colour smoke trail
 86542 | Depths:3 | XOM: potion effect (haste)
 87070 | Depths:4 | XOM: enchant monster (good)
 87489 | Depths:4 | XOM: summons friendly white imp
 87495 | Depths:4 | XOM is BORED!
 87495 | Depths:4 | XOM: noise
 87592 | Depths:4 | Reached skill level 19 in Evocations
 87754 | Depths:4 | XOM: 4-stop teleportation journey
 88129 | Depths:4 | XOM: medium Chrm miscast
 88443 | Depths:4 | XOM: divination: detect items
 88575 | Depths:4 | XOM: summons 3 friendly demons
 88584 | Depths:4 | Reached XP level 23. HP: 181/181 MP: 38/39
 88585 | Depths:4 | XOM: confuse monster(s)
 88674 | Depths:4 | XOM: summons friendly shadow imp
 88677 | Depths:4 | XOM: potion effect (agility)
 88680 | Depths:4 | XOM: potion effect (magic)
 88699 | Depths:4 | XOM: divination: detect creatures
 88741 | Depths:4 | XOM: mild Air miscast
 88834 | Depths:4 | XOM: harmless Pois miscast
 88939 | Depths:4 | Noticed Wiglaf
 88944 | Depths:4 | XOM: potion effect (might)
 88953 | Depths:4 | Killed Wiglaf
 88998 | Depths:4 | Found an iron altar of Okawaru.
 89009 | Depths:4 | Got a steaming cloak
 89012 | Depths:4 | Identified the +2 cloak of Xeozev Koez {HP+9 Str+3} (You found it on level 4 of the Depths)
 89061 | Depths:4 | XOM: divination: detect creatures
 89088 | Depths:4 | XOM: divination: detect creatures
 89099 | Depths:4 | XOM: mild Conj miscast
 89105 | Depths:4 | Got an ancient robe
 89106 | Depths:4 | Identified the +2 robe of Schakukey {-Cast rF+ Int+4} (You found it on level 4 of the Depths)
 89147 | Depths:4 | XOM: god gift: puce potion
 89304 | Depths:4 | XOM: god gift: plain deck of cards {god gift}
 89625 | Depths:4 | XOM: god gift: scroll of vulnerability
 89645 | Depths:5 | Entered Level 5 of the Depths
 89768 | Depths:4 | XOM: noise
 90046 | Depths:5 | XOM: harmless Air miscast
 90101 | Depths:5 | XOM: harmless Fire miscast
 90678 | Depths:4 | Got a pair of encrusted gloves
 90689 | Depths:4 | Identified the +0 pair of gloves of Hairiness {rC+ Regen+ Str-3 Int+5 Dex+4 Stlth-} (You acquired it on level 4 of the Depths)
 90745 | Depths:5 | Found a gate to the Realm of Zot.
 90824 | Depths:5 | XOM: mild Trmt miscast
 90838 | Depths:5 | XOM: harmless Pois miscast
 90840 | Depths:5 | XOM: blink monster(s)
 90853 | Depths:5 | XOM: enchant monster (bad)
 90998 | Depths:1 | XOM: polymorph minotaur -> fire dragon
 91091 | D:13     | XOM: vitrification
 91242 | Elf:1    | XOM: vitrification
 91621 | D:14     | XOM: god gift: brown potion
 91683 | Depths:1 | XOM: colour smoke trail
 91891 | Depths:5 | Noticed Margery
 91895 | Depths:5 | XOM: potion effect (agility)
 91897 | Depths:5 | Killed Margery
 91920 | Depths:5 | XOM: enchant monster (bad)
 91933 | Depths:5 | XOM: blink monster(s)
 92218 | Depths:5 | XOM: mild Erth miscast
 92434 | Depths:5 | XOM: summons 7 friendly demons
 92514 | Depths:5 | XOM: harmless Conj miscast
 92789 | D:15     | XOM: medium Ice miscast
 92984 | Vaults:4 | XOM: mild Pois miscast
 92989 | Vaults:5 | Entered Level 5 of the Vaults
 92989 | Vaults:5 | XOM: chaos upgrade
 93051 | Vaults:4 | XOM: colour smoke trail
 93145 | Vaults:5 | XOM: potion effect (might)
 93157 | Vaults:4 | XOM: harmless Erth miscast
 93177 | Vaults:4 | Reached skill level 15 in Air Magic
 93472 | Vaults:4 | XOM: divination: detect creatures
 93483 | Vaults:4 | XOM: chaos upgrade
 93498 | Vaults:4 | Reached XP level 24. HP: 163/188 MP: 30/40
 93511 | Vaults:4 | XOM: polymorph vault guard -> ice dragon
 93680 | Vaults:5 | Noticed an ancient lich
 93908 | Vaults:4 | XOM: god gift: phantom mirror
 94202 | Vaults:2 | XOM: 5-stop teleportation journey
 94503 | Depths:1 | Bought a book of the Tempests for 1330 gold pieces
 94518 | Depths:1 | Learned a level 9 spell: Tornado
 94530 | Depths:1 | XOM: harmless Summ miscast
 94898 | Slime:4  | XOM: confuse monster(s)
 94973 | Slime:3  | XOM: noise
 94974 | Slime:3  | XOM: mild Summ miscast
 94981 | Slime:3  | XOM: potion effect (heal wounds)
 95210 | Slime:6  | Entered Level 6 of the Pits of Slime
 95242 | Slime:6  | XOM: potion effect (might)
 95336 | Slime:6  | XOM: potion effect (agility)
 95626 | Slime:6  | Noticed the royal jelly
 95637 | Slime:6  | Noticed Leissi's ghost (great FoFi)
 95637 | Slime:6  | Killed the royal jelly
 95651 | Slime:6  | Killed Leissi's ghost
 95986 | Slime:5  | XOM: 1-stop teleportation journey
 96527 | Slime:6  | Identified Xulyhey's Compendium of Earth
 96635 | Slime:6  | XOM: colour smoke trail
 96664 | Slime:6  | XOM: divination: detect items
 96682 | Slime:6  | Got a jewelled cloak
 96683 | Slime:6  | Identified the +2 cloak of Xuilyem {rN- MR+} (You found it on level 6 of the Pits of Slime)
 96760 | Slime:6  | XOM: blink monster(s)
 96987 | Slime:6  | Got a warped leather armour
 96988 | Slime:6  | Identified the cursed -2 leather armour of Instinct {rC+ Str-4 Dex+2} (You found it on level 6 of the Pits of Slime)
 97009 | Slime:6  | Got a slimy rune of Zot
 97011 | Slime:6  | Got a dazzling leather armour
 97012 | Slime:6  | Identified the +3 leather armour "Lytzae" {-Tele rElec rN+ Dex+2} (You found it on level 6 of the Pits of Slime)
 97026 | Slime:6  | XOM: harmless Chrm miscast
 97250 | Lair:6   | XOM: colour smoke trail
 97251 | Lair:6   | XOM: medium Fire miscast
 97379 | Lair:7   | XOM: mild Ice miscast
 97518 | Lair:3   | XOM: harmless Pois miscast
 97553 | Lair:1   | XOM: harmless Divn miscast
 97737 | Vaults:1 | XOM: enchant monster (bad)
 97759 | Vaults:1 | XOM: harmless Summ miscast
 97968 | Vaults:4 | XOM: mild Chrm miscast
 98007 | Vaults:4 | XOM: medium Tloc miscast
 98730 | Vaults:5 | XOM: cast spell 'Summon Ice Beast'
 98979 | Vaults:4 | XOM: scenery: 6 doors close
 99276 | Vaults:5 | XOM: divination: detect items
 99284 | Vaults:5 | Killed an ancient lich
 99285 | Vaults:5 | XOM: harmless Trmt miscast
 99428 | Vaults:5 | XOM: potion effect (heal wounds)
 99570 | Vaults:5 | XOM: confuse monster(s)
 99642 | Vaults:4 | XOM: god gift: white potion
 99744 | Vaults:5 | XOM: summons friendly crimson imp
100456 | Vaults:4 | XOM: enchant monster (good)
100459 | Vaults:4 | XOM: potion effect (magic)
100466 | Vaults:4 | XOM: polymorph shadow dragon -> acid blob
100474 | Vaults:4 | XOM: fog
100611 | Vaults:4 | XOM: harmless Air miscast
100739 | Vaults:5 | XOM: chaos cloud
100874 | Vaults:5 | XOM: smoke on damage
100903 | Vaults:4 | XOM: summons 3 hostile demons
101049 | Vaults:5 | XOM: swap weapons
101077 | Vaults:5 | XOM: blink monster(s)
101081 | Vaults:5 | XOM: chaos upgrade
101112 | Vaults:5 | XOM: 1-stop teleportation journey
101118 | Vaults:5 | Reached XP level 25. HP: 55/190 MP: 14/41
101124 | Vaults:5 | XOM: enchant monster (bad)
101126 | Vaults:5 | XOM: severe Erth miscast
101139 | Vaults:5 | XOM: enchant monster (bad)
101140 | Vaults:5 | XOM: blink monster(s)
101658 | Vaults:4 | XOM: colour smoke trail
101769 | Vaults:5 | XOM: cast spell 'Summon Small Mammal'
101921 | Vaults:4 | XOM: harmless Pois miscast
102297 | Vaults:5 | Got a silver rune of Zot
102485 | Vaults:5 | Noticed Frederick
102492 | Vaults:5 | XOM: enchant monster (good)
102499 | Vaults:5 | XOM: mild Pois miscast
102505 | Vaults:5 | XOM: confuse monster(s)
102507 | Vaults:5 | XOM: blink monster(s)
102512 | Vaults:5 | Noticed Boris
102718 | Vaults:4 | XOM: medium Summ miscast
102809 | Vaults:5 | Killed Frederick
102819 | Vaults:5 | XOM: summons friendly quasit
102821 | Vaults:5 | XOM: summons friendly crimson imp
102875 | Vaults:4 | XOM: silly message
103040 | Vaults:5 | Killed Boris
103230 | Vaults:5 | XOM: medium Hex miscast
103276 | Vaults:5 | XOM: mild Ice miscast
103427 | Vaults:5 | XOM: colour smoke trail
103654 | Vaults:5 | XOM: chaos cloud
103656 | Vaults:5 | XOM: cast spell 'Summon Butterflies'
103697 | Vaults:5 | XOM: polymorph river rat -> jelly
103742 | Vaults:5 | XOM: fog
104061 | Vaults:5 | XOM: confuse monster(s)
104114 | Vaults:5 | Got a shimmering ivory amulet
104119 | Vaults:5 | Found Ghatrouh's Assorted Antiques.
104136 | Vaults:5 | Identified the Almanac of Baldness
104144 | Vaults:5 | Learned a level 3 spell: Flight
104147 | Vaults:5 | Learned a level 2 spell: Swiftness
104149 | Vaults:5 | Identified the amulet "Oghuma" {Clar rPois+ rC+} (You took it off an orc knight on level 5 of the Vaults)
104155 | Vaults:5 | Got a faintly humming plate armour
104166 | Vaults:5 | Identified the +8 plate armour of the Lute {rPois+ rF+ MR- SInv} (You found it on level 5 of the Vaults)
104181 | Vaults:5 | Identified the Incunabulum of Ghastly Fire
104189 | Vaults:5 | Bought a scroll of identify for 72 gold pieces
104377 | Vaults:5 | XOM: scenery: create altars
104543 | Vaults:5 | XOM: god gift: glowing shield {god gift}
104615 | Vaults:5 | Got a transparent shadow dragon armour
104626 | Vaults:5 | Identified the +0 shadow dragon armour of Eternity {*Tele rPois+ rF- MR+ rCorr Int+4 Dex+2 Stlth++++} (You found it on level 5 of the Vaults)
104756 | Vaults:3 | XOM: silly message
104768 | Crypt:1  | Entered Level 1 of the Crypt
104821 | Crypt:1  | XOM: smoke on damage
104824 | Crypt:1  | XOM: medium Summ miscast
105351 | Crypt:1  | XOM: silly message
105760 | Crypt:1  | XOM: noise
105951 | Crypt:1  | XOM: stat loss: -1 Dex (13/13)
106239 | Crypt:2  | XOM: enchant monster (bad)
106243 | Crypt:2  | XOM: potion effect (invisibility)
106245 | Crypt:2  | XOM: enchant monster (bad)
106248 | Crypt:2  | XOM: mild Necr miscast
106252 | Crypt:2  | XOM: divination: magic mapping
106256 | Crypt:2  | XOM: harmless Summ miscast
106258 | Crypt:2  | XOM: enchant monster (bad)
106259 | Crypt:2  | XOM: medium Necr miscast
106678 | Crypt:2  | XOM: harmless Trmt miscast
106693 | Crypt:2  | Reached skill level 20 in Air Magic
107061 | Crypt:2  | Noticed Boris
107068 | Crypt:2  | Killed Boris
107336 | Crypt:2  | XOM: stat loss: -1 Str (26/26)
107683 | Crypt:2  | XOM: mild Pois miscast
107872 | Crypt:3  | Entered Level 3 of the Crypt
107882 | Crypt:3  | XOM: chaos cloud
108457 | Crypt:3  | XOM: chaos cloud
108594 | Crypt:3  | XOM: 1-stop teleportation journey
108745 | Crypt:3  | XOM: summons 6 hostile demons
108760 | Crypt:3  | XOM: polymorph red devil -> hellwing
108766 | Crypt:3  | XOM: blink monster(s)
108768 | Crypt:3  | XOM: smoke on damage
108893 | Crypt:2  | XOM: silly message
109062 | Crypt:3  | XOM: colour smoke trail
109288 | Crypt:3  | Found a staircase to the Tomb.
109529 | Crypt:3  | XOM: mild Tloc miscast
109922 | Crypt:3  | XOM: colour smoke trail
110163 | Crypt:3  | XOM: 8-stop teleportation journey
110202 | Crypt:3  | Reached skill level 21 in Air Magic
110277 | Crypt:3  | XOM: mild Fire miscast
110376 | Crypt:3  | Noticed an ancient lich
110380 | Crypt:3  | Found a glowing golden altar of the Shining One.
110380 | Crypt:3  | XOM: 1-stop teleportation journey
110391 | Crypt:3  | XOM: blink monster(s)
110431 | Crypt:3  | Identified Borgnjor's Grimoire of Darkness
110439 | Crypt:3  | Identified the Tome of Feathers
110681 | Crypt:3  | Reached skill level 1 in Spellcasting
110706 | Crypt:3  | Reached XP level 26. HP: 197/197 MP: 41/41
110711 | Crypt:3  | Identified a +2 rod of clouds (11/11) (You found it on level 3 of the Crypt)
110749 | Crypt:3  | XOM: mild Tloc miscast
110750 | Crypt:3  | XOM: mild Ice miscast
110788 | Crypt:3  | Killed an ancient lich
110801 | Crypt:3  | XOM: silly message
110855 | Crypt:3  | XOM: medium Ice miscast
111165 | Crypt:2  | XOM: noise
111387 | Vaults:1 | XOM: enchant monster (bad)
111416 | Vaults:1 | Got a pair of ichor-stained gloves
111427 | Vaults:1 | Identified the +2 pair of gloves of Hesong {+Blink Str+6} (You acquired it on level 1 of the Vaults)
111561 | Depths:1 | Voluntarily entered the Abyss.
111686 | Abyss:2  | XOM: chaos cloud
111829 | Abyss:2  | XOM: enchant monster (bad)
111836 | Abyss:2  | XOM: fog
111954 | Abyss:2  | XOM: summons 5 hostile shadow creatures
112057 | Abyss:2  | XOM: silly message
112480 | Abyss:3  | XOM: summons friendly white imp
112534 | Abyss:3  | XOM: enchant monster (bad)
112660 | Abyss:3  | XOM: mild Fire miscast
112663 | Abyss:3  | Paralysed by accursed screaming for 1 turns
112771 | Abyss:3  | XOM: blink monster(s)
112889 | Abyss:3  | Found a corrupted altar of Lugonu.
112893 | Abyss:3  | Got an abyssal rune of Zot
112922 | Abyss:3  | XOM: harmless Conj miscast
112943 | Abyss:3  | XOM: summons friendly iron imp
112967 | Depths:1 | Escaped the Abyss
113253 | Zot:1    | Entered Level 1 of the Realm of Zot
113267 | Zot:1    | XOM: blink monster(s)
113280 | Depths:5 | XOM: chaos cloud
113516 | Depths:5 | XOM: colour smoke trail
113527 | Zot:1    | XOM: cast spell 'Summon Swarm'
113559 | Depths:5 | XOM: harmless Air miscast
113684 | Zot:1    | Reached skill level 5 in Spellcasting
113958 | Zot:1    | XOM: scenery: 1 doors close
114119 | Zot:1    | XOM: cast spell 'Ring of Flames'
114220 | Zot:1    | XOM: noise
114493 | Zot:1    | Found a shimmering altar of Xom.
114573 | Zot:1    | XOM: harmless Erth miscast
114600 | Zot:1    | XOM: summons 4 hostile demons
114604 | Zot:1    | XOM: mild Divn miscast
114639 | Zot:1    | XOM: noise
114855 | Zot:1    | Cast into the Abyss (mottled draconian knight)
114855 | Abyss:1  | XOM: noise
115100 | Abyss:1  | Reached skill level 22 in Air Magic
115105 | Abyss:1  | XOM: chaos cloud
115110 | Abyss:1  | XOM: harmless Conj miscast
115195 | Abyss:2  | Found a corrupted altar of Lugonu.
115440 | Abyss:2  | XOM: medium Ice miscast
115441 | Abyss:2  | XOM: chaos cloud
115581 | Abyss:2  | XOM: potion effect (magic)
115735 | Abyss:2  | XOM: harmless Conj miscast
115790 | Abyss:2  | XOM: silly message
115804 | Abyss:2  | XOM: summons friendly soul eater
115861 | Zot:1    | Escaped the Abyss
115862 | Zot:1    | XOM: destruction
115863 | Zot:1    | XOM: fog
116335 | Zot:1    | XOM: summons friendly quasit
116345 | Zot:1    | XOM: fake destruction
116352 | Zot:1    | XOM: confuse monster(s)
116459 | Zot:1    | XOM: confuse monster(s)
116644 | Zot:1    | XOM: enchant monster (bad)
117003 | Zot:1    | XOM: vitrification
117039 | Zot:1    | XOM: summons friendly iron imp
117046 | Zot:1    | Noticed Miqom the pandemonium lord
117430 | Zot:1    | Identified Ybafegai's Catalogue of the Zealot
117440 | Zot:1    | Identified the Tome of Fire and Brimstone
117445 | Zot:1    | XOM: confuse monster(s)
117570 | Zot:2    | XOM: noise
117573 | Zot:2    | XOM: swap monsters
117596 | Zot:2    | XOM: mild Necr miscast
117638 | Zot:2    | XOM: harmless Erth miscast
117803 | Zot:2    | XOM: chaos cloud
118198 | Zot:2    | XOM: harmless Conj miscast
118324 | Zot:2    | XOM: noise
118465 | Zot:2    | XOM: confuse monster(s)
118490 | Zot:2    | XOM: summons friendly crimson imp
118497 | Zot:2    | XOM: harmless Tloc miscast
118559 | Zot:2    | HP: 5/213 [storm dragon/bolt of lightning (23)]
118622 | Zot:1    | XOM: harmless Summ miscast
118623 | Zot:1    | XOM: summons 11 friendly demons
118649 | Zot:1    | XOM: god gift: 38 gold pieces
118699 | Zot:1    | Reached XP level 27. HP: 97/201 MP: 30/42
118946 | Zot:1    | XOM: vitrification
119041 | Zot:1    | XOM: summons 4 hostile shadow creatures
119175 | Zot:1    | XOM: divination: detect creatures
119542 | Zot:1    | XOM: chaos cloud
119555 | Zot:1    | XOM: enchant monster (bad)
119602 | Depths:5 | XOM: mild Hex miscast
119715 | Zot:1    | XOM: polymorph black draconian -> azure jelly
119991 | Zot:2    | XOM: harmless Necr miscast
120116 | Zot:2    | Reached skill level 23 in Air Magic
120264 | Zot:2    | XOM: medium Summ miscast
120741 | Zot:2    | XOM: noise
120945 | Zot:3    | XOM: fog
120967 | Zot:3    | Got a fine long sword
120968 | Zot:3    | Identified the cursed +0 long sword of the Whelk {distort, *Tele rC++ HP+9} (You found it on level 3 of the Realm of Zot)
121078 | Zot:2    | XOM: destruction
121163 | Zot:2    | XOM: vitrification
121429 | Zot:2    | XOM: god gift: steaming leather armour {god gift}
121432 | Zot:2    | Got a steaming leather armour {god gift}
121433 | Zot:2    | Identified the -1 leather armour of Geanah {rPois+ Str+3 Dex+3} (Xom gifted it to you on level 2 of the Realm of Zot)
121597 | Zot:2    | XOM: god gift: slice of pizza
121634 | Zot:2    | XOM: swap monsters
122009 | Zot:1    | XOM: enchant monster (bad)
122234 | Zot:2    | XOM: noise
122372 | Zot:3    | XOM: enchant monster (good)
122376 | Zot:3    | XOM: potion effect (invisibility)
122451 | Zot:3    | XOM: harmless Conj miscast
122762 | Zot:4    | XOM: enchant monster (bad)
122763 | Zot:4    | XOM: enchant monster (good)
122769 | Zot:4    | XOM: confuse monster(s)
122999 | Zot:4    | XOM: god gift: scroll of holy word
123038 | Zot:4    | XOM: smoke on damage
123109 | Zot:3    | XOM: vitrification
123374 | Zot:4    | XOM: god gift: scroll of acquirement
123386 | Zot:4    | Got a pair of pitted gloves
123397 | Zot:4    | Identified the +2 pair of gloves of the Six of Cups {rF- rC+ Int+2 Dex+2} (You acquired it on level 4 of the Realm of Zot)
123399 | Zot:4    | XOM: divination: detect items
123601 | Zot:4    | XOM: god gift: box of beasts
123727 | Zot:4    | XOM: mild Erth miscast
123843 | Zot:4    | XOM: silly message
124186 | Zot:4    | XOM: harmless Tloc miscast
124195 | Zot:4    | Noticed an orb of fire
124233 | Zot:3    | XOM: harmless Erth miscast
124376 | Zot:3    | XOM: harmless Conj miscast
124576 | Zot:4    | XOM: 2-stop teleportation journey
124586 | Zot:4    | XOM: chaos upgrade
124682 | Zot:3    | XOM: colour smoke trail
124812 | Zot:3    | XOM: colour smoke trail
124982 | Zot:4    | XOM: vitrification
125008 | Zot:4    | XOM: divine lightning
125010 | Zot:4    | XOM: summons friendly shadow imp
125011 | Zot:4    | XOM: divine lightning
125021 | Zot:4    | XOM: noise
125022 | Zot:4    | Killed an orb of fire
125196 | Zot:4    | XOM: divine lightning
125689 | Pan      | Entered Pandemonium
125752 | Pan      | Found a gateway to a ziggurat.
125816 | Pan      | XOM: enchant monster (good)
125863 | Pan      | XOM: vitrification
125918 | Pan      | XOM: 3-stop teleportation journey
126547 | Pan      | XOM: god gift: meat ration
126584 | Pan      | Noticed Oduen the pandemonium lord
126611 | Pan      | XOM: fog
127121 | Pan      | Reached skill level 10 in Spellcasting
127127 | Pan      | XOM: 4-stop teleportation journey
127134 | Pan      | XOM: polymorph hellwing -> blue devil
127192 | Pan      | Killed Oduen the pandemonium lord
127335 | Pan      | XOM: smoke on damage
127576 | Pan      | Found a runed door.
127730 | Pan      | XOM: 1-stop teleportation journey
127774 | Pan      | XOM: 1-stop teleportation journey
127986 | Pan      | XOM: enchant monster (bad)
128061 | Pan      | XOM: harmless Necr miscast
128135 | Pan      | XOM: divination: magic mapping
128158 | Pan      | XOM: harmless Summ miscast
128413 | Pan      | XOM: polymorph gelid demonspawn -> anaconda
128443 | Pan      | XOM: god gift: scroll of fear
128466 | Pan      | XOM: scenery: 4 doors close
128496 | Pan      | Found an exit through the horrors of the Abyss.
128590 | Pan      | XOM: 6-stop teleportation journey
128883 | Pan      | XOM: destruction
128893 | Pan      | XOM: vitrification
129128 | Zig:1    | Entered Level 1 of a ziggurat
129150 | Zig:2    | Entered Level 2 of a ziggurat
129226 | Zig:2    | Got a steaming scimitar
129227 | Zig:2    | Identified the +5 scimitar of Plyceki {drain, rElec} (You found it on level 2 of a ziggurat)
129322 | Zig:3    | Entered Level 3 of a ziggurat
129330 | Zig:3    | Reached skill level 24 in Air Magic
129355 | Zig:4    | Entered Level 4 of a ziggurat
129438 | Zig:4    | Got a steaming chain mail
129449 | Zig:4    | Identified the cursed +0 chain mail of Curiosity {rPois+ MR+ Str+4} (You found it on level 4 of a ziggurat)
129463 | Zig:5    | Entered Level 5 of a ziggurat
129477 | Zig:5    | XOM: harmless Divn miscast
129479 | Zig:5    | XOM: summons friendly crimson imp
129481 | Zig:5    | XOM: summons friendly quasit
129491 | Zig:5    | XOM: enchant monster (good)
129496 | Zig:5    | Reached skill level 15 in Shields
129628 | Zig:5    | Got a warped robe
129639 | Zig:5    | Identified the cursed -1 robe of the Lost Path {rN+ MP-9 SInv} (You found it on level 5 of a ziggurat)
129658 | Zig:5    | Got a scorched chain mail
129669 | Zig:5    | Identified the +8 chain mail "Ucoug" {+Fly rElec rC+ Stlth+} (You found it on level 5 of a ziggurat)
129709 | Zig:6    | Entered Level 6 of a ziggurat
129751 | Zig:6    | XOM: harmless Tloc miscast
129979 | Zig:6    | Identified the Grimoire of Destructive Flames
129982 | Zig:6    | Got a distressingly furry scale mail
129993 | Zig:6    | Identified the +2 scale mail of Shouv {Regen+ Str+4} (You found it on level 6 of a ziggurat)
130010 | Zig:7    | Entered Level 7 of a ziggurat
130038 | Zig:7    | Got a sparkling tin ring
130040 | Zig:7    | Identified the ring of Jeed {+Inv rPois- rC- Str+5 Slay+2 SInv Stlth+} (You found it on level 7 of a ziggurat)
130482 | Zig:7    | XOM: god gift: twisted fluorescent amulet {god gift}
131191 | Zig:7    | XOM: 7-stop teleportation journey
131208 | Zig:8    | Entered Level 8 of a ziggurat
131421 | Zig:8    | Got a bound diamond amulet
131423 | Zig:8    | Got a brightly glowing marble ring
131427 | Zig:8    | Identified the amulet "Vapn" {+Rage rF++ Str+2 Int+4 Slay-4} (You found it on level 8 of a ziggurat)
131433 | Zig:8    | Identified the ring of Teunev {rElec rF+ rC++ Dex+3} (You found it on level 8 of a ziggurat)
131452 | Zig:8    | XOM: god gift: wide metal-bound book {god gift}
131493 | Zig:8    | XOM: silly message
131507 | Zig:9    | Entered Level 9 of a ziggurat
131517 | Zig:9    | XOM: summons friendly crimson imp
131520 | Zig:9    | XOM: snakes to sticks
131521 | Zig:9    | XOM: god gift: 39 gold pieces
131551 | Zig:9    | Got a warped copper ring
131574 | Zig:9    | Identified the ring of the Marlin {HP+9 MP+9} (You found it on level 9 of a ziggurat)
131718 | Zig:10   | Entered Level 10 of a ziggurat
131889 | Zig:10   | Got a heavily runed leather armour
131900 | Zig:10   | Identified the +2 leather armour of Hedging {rCorr Int+3} (You found it on level 10 of a ziggurat)
131938 | Zig:11   | Entered Level 11 of a ziggurat
131951 | Zig:11   | XOM: confuse monster(s)
131966 | Zig:11   | XOM: enchant monster (good)
131970 | Zig:11   | XOM: polymorph naga ritualist -> unseen horror
131978 | Zig:11   | XOM: 1-stop teleportation journey
131993 | Zig:11   | Got a twisted scale mail
131994 | Zig:11   | Identified the cursed -2 scale mail of Liberalism {Dex+3} (You found it on level 11 of a ziggurat)
131998 | Zig:11   | Got a smoking brass amulet
131999 | Zig:11   | Identified the amulet of Fig Wyat {Contam rPois+ rN+ Regen+ Slay+6} (You found it on level 11 of a ziggurat)
132085 | Zig:12   | Entered Level 12 of a ziggurat
132093 | Zig:12   | XOM: god gift: 8 poisoned tomahawks
132096 | Zig:12   | XOM: divination: magic mapping
132110 | Zig:12   | XOM: mild Pois miscast
132111 | Zig:12   | XOM: smoke on damage
132118 | Zig:12   | XOM: summons friendly quasit
132144 | Zig:12   | Identified a +5 rod of inaccuracy (10/10) (You found it on level 12 of a ziggurat)
132157 | Zig:12   | Got a pitted chain mail
132158 | Zig:12   | Identified the cursed -3 chain mail of Repulsion {rCorr Dex+2} (You found it on level 12 of a ziggurat)
132380 | Zig:13   | Entered Level 13 of a ziggurat
132391 | Zig:13   | XOM: fog
132396 | Zig:13   | XOM: 5-stop teleportation journey
132601 | Pan      | XOM: confuse monster(s)
132959 | Pan      | Took an exit into the Abyss.
132959 | Abyss:1  | Escaped into the Abyss
132960 | Abyss:1  | Found a corrupted altar of Lugonu.
132962 | Abyss:1  | Noticed an ancient lich
132986 | Abyss:1  | Killed an ancient lich
133046 | Abyss:1  | XOM: destruction
133058 | Abyss:1  | XOM: mild Ice miscast
133491 | Depths:4 | Escaped the Abyss
133572 | Zig:1    | Entered Level 1 of a ziggurat
133615 | Zig:2    | Entered Level 2 of a ziggurat
133655 | Zig:3    | Entered Level 3 of a ziggurat
133685 | Zig:3    | Identified Mneuc's Disquisition on the Snowflakes
133691 | Zig:4    | Entered Level 4 of a ziggurat
133721 | Zig:4    | XOM: mild Pois miscast
133754 | Zig:4    | XOM: silly message
133772 | Zig:5    | XOM: stealth player
133772 | Zig:5    | Entered Level 5 of a ziggurat
133780 | Zig:5    | XOM: noise
133807 | Zig:5    | XOM: colour smoke trail
133849 | Zig:6    | Entered Level 6 of a ziggurat
133856 | Zig:6    | Noticed an ancient lich
133866 | Zig:6    | XOM: silly message
133873 | Zig:6    | Killed an ancient lich
133881 | Zig:6    | Got a spiked large shield
133882 | Zig:6    | Identified the +3 large shield "Tosyal" {rPois+ Str-2 Dex+3} (You found it on level 6 of a ziggurat)
133887 | Zig:6    | Got a heavily runed graven amulet
133891 | Zig:6    | Identified the amulet "Doyvaopt" {Faith Int+2} (You found it on level 6 of a ziggurat)
133977 | Zig:7    | Entered Level 7 of a ziggurat
134114 | Zig:7    | XOM: vitrification
134162 | Zig:8    | Entered Level 8 of a ziggurat
134190 | Zig:8    | Identified the Handbook of Darkness
134401 | Zig:9    | Entered Level 9 of a ziggurat
134515 | Zig:10   | Entered Level 10 of a ziggurat
134526 | Zig:10   | XOM: polymorph scorpion -> worker ant
134690 | Zig:11   | Entered Level 11 of a ziggurat
134708 | Zig:11   | XOM: summons 2 friendly demons
134908 | Zig:12   | Entered Level 12 of a ziggurat
134925 | Zig:12   | Reached skill level 25 in Air Magic
134929 | Zig:12   | XOM: confuse monster(s)
135030 | Zig:13   | Entered Level 13 of a ziggurat
135040 | Zig:13   | XOM: potion effect (curing)
135042 | Zig:13   | Killed from afar by a pearl dragon

Inventory:

Hand weapons
 a - the +8 autumn katana (weapon) {slice, Clar}
   (You took it off a deep elf conjurer on level 3 of the Elven Halls)

   It inflicts extra damage upon your enemies.
   It protects you against confusion.
 x - a cursed +9 demon blade of freezing
Armour
 o - the +8 chain mail "Ucoug" {+Fly rElec rC+ Stlth+}
   (You found it on level 5 of a ziggurat)

   It protects you from cold.
   It insulates you from electricity.
   It lets you fly.
   It makes you more stealthy.
 s - the +2 cloak of Xeozev Koez (worn) {HP+9 Str+3}
   (You found it on level 4 of the Depths)

   It affects your strength (+3).
   It affects your health (+9).
 u - the +2 leather armour of Hedging {rCorr Int+3}
   (You found it on level 10 of a ziggurat)

   It affects your intelligence (+3).
   It protects you from acid and corrosion.
 z - the +2 scale mail of Shouv (worn) {Regen+ Str+4}
   (You found it on level 6 of a ziggurat)

   It affects your strength (+4).
   It increases your rate of regeneration.
 A - a +2 helmet of intelligence (worn)
 P - a +4 shield of reflection (worn)
 T - a +2 pair of boots of running (worn)
 Y - the +0 pair of gloves of Nemelex Xobeh's Favour (worn) {rF++ Str+3 Stlth+}
   (You found it on level 3 of the Elven Halls)

   It affects your strength (+3).
   It greatly protects you from fire.
   It makes you more stealthy.
Magical staves
 e - a cursed staff of air
Rods
 b - a cursed +2 rod of shadows (16/16)
   (You found it on level 3 of the Dungeon)
 n - a +5 rod of inaccuracy (10/10)
   (You found it on level 12 of a ziggurat)
 p - a +0 rod of clouds (12/12)
   (You bought it in a shop on level 4 of the Orcish Mines)
Jewellery
 f - the ring "Froadd" {SustAb rF+ rC+ rN- Int+2 SInv}
   (Xom gifted it to you on level 3 of the Orcish Mines)

   [ring of sustain abilities]

   It sustains your strength, intelligence and dexterity.
   It affects your intelligence (+2).
   It protects you from fire.
   It protects you from cold.
   It makes you vulnerable to negative energy.
   It enhances your eyesight.
 k - an uncursed ring of teleport control
 v - an uncursed amulet of guardian spirit
 y - the amulet "Oghuma" {Clar rPois+ rC+}
   (You took it off an orc knight on level 5 of the Vaults)

   [amulet of clarity]

   It provides mental clarity.
   It protects you from cold.
   It protects you from poison.
 B - a ring of wizardry (left hand)
 D - an uncursed amulet of resist mutation
 K - the amulet "Vapn" (around neck) {+Rage rF++ Str+2 Int+4 Slay-4}
   (You found it on level 8 of a ziggurat)

   [amulet of rage]

   It affects your strength (+2).
   It affects your intelligence (+4).
   It affects your accuracy and damage with ranged weapons and melee attacks
   (-4).
   It greatly protects you from fire.
   It lets you go berserk.
 L - the ring of Lady Luck {rF+ rC+ rN+}
   (You took it off a deep elf knight on level 2 of the Depths)

   [ring of positive energy]

   It protects you from fire.
   It protects you from cold.
   It protects you from negative energy.
 M - the ring of Teunev {rElec rF+ rC++ Dex+3}
   (You found it on level 8 of a ziggurat)

   [ring of protection from fire]

   It affects your dexterity (+3).
   It protects you from fire.
   It greatly protects you from cold.
   It insulates you from electricity.
 N - an uncursed amulet of regeneration
 R - the amulet "Doyvaopt" {Faith Int+2}
   (You found it on level 6 of a ziggurat)

   [amulet of faith]

   It allows you to gain divine favour quickly.
   It affects your intelligence (+2).
 S - the ring of Gejed (right hand) {rF- rN+ Str+3 Int+4 Slay+6 SInv}
   (You found it on level 2 of the Depths)

   [ring of see invisible]

   It affects your strength (+3).
   It affects your intelligence (+4).
   It affects your accuracy and damage with ranged weapons and melee attacks
   (+6).
   It makes you vulnerable to fire.
   It protects you from negative energy.
   It enhances your eyesight.
Magical devices
 i - a wand of heal wounds (8)
 j - a wand of digging (0)
 l - a wand of hasting (3)
 q - a wand of teleportation (6)
 t - a wand of disintegration (13)
Scrolls
 c - 11 scrolls of enchant weapon
 g - 2 scrolls of torment
 h - 9 scrolls of teleportation
 r - 5 scrolls of magic mapping
 C - 6 scrolls of identify
 G - a scroll of immolation
 H - 10 scrolls of remove curse
 J - 7 scrolls of fog
 O - 2 scrolls of blinking
 Q - 5 scrolls of recharging
Miscellaneous
 d - 4 fans of gales
 m - an ornate deck of changes {the Elixir, drawn: 1}
 w - 7 phials of floods
 E - 2 stones of tremors
 F - a sack of spiders {used: 6}
 U - a legendary deck of defence {the Banshee}
 V - 2 lamps of fire
 X - a legendary deck of defence {drawn: 8}

Table legend:
 A = Turns spent in this place as a percentage of turns spent in the entire game.
 B = Non-inter-level travel turns spent in this place as a percentage of non-inter-level travel turns spent in the entire game.
 C = Inter-level travel turns spent in this place as a percentage of turns spent in this place.
 D = Turns resting spent in this place as a percentage of non-inter-level travel turns spent in this place.
 E = Turns spent auto-exploring this place as a percentage of non-inter-level travel turns spent in this place.
 F = Non-inter-level travel turns spent in this place divided by the number of levels of this place that you've seen.
                   A       B       C       D       E      F
               +-------+-------+-------+-------+-------+----------------------
         Total | 100.0 | 100.0 |   0.7 |   6.9 |   5.3 | 445.1
       Dungeon |  16.6 |  16.6 |   0.9 |   6.8 |   8.0 | 487.2
          Lair |  10.0 |  10.0 |   0.9 |   6.2 |   6.7 | 550.6
        Shoals |   5.9 |   6.0 |   0.5 |   7.2 |   4.9 | 524.4
   Spider Nest |   7.3 |   7.3 |   0.9 |   6.5 |   5.1 | 640.0
    Slime Pits |   2.7 |   2.7 |   0.7 |   5.2 |   0.0 | 195.2
  Orcish Mines |   3.5 |   3.5 |   1.2 |   4.8 |  11.9 | 384.5
   Elven Halls |   3.8 |   3.7 |   1.0 |   7.8 |   5.6 | 550.3
        Vaults |  13.0 |  13.0 |   0.8 |   7.8 |   5.8 | 1148.4
         Crypt |   5.1 |   5.1 |   0.4 |   6.8 |   5.6 | 751.3
        Depths |  11.8 |  11.8 |   0.9 |   6.8 |   4.1 | 1041.0
           Zot |   6.5 |   6.5 |   0.6 |   8.3 |   5.2 | 716.8
         Abyss |   4.5 |   4.5 |   0.0 |   5.5 |   0.6 | 282.1
   Pandemonium |   3.9 |   4.0 |   0.0 |   8.1 |   2.5 | 1744.0
      Ziggurat |   3.5 |   3.6 |   0.0 |   8.6 |   1.3 |  60.2
        Bazaar |   0.2 |   0.2 |   0.0 |   0.0 |   4.1 |  74.0
      Ice Cave |   1.7 |   1.7 |   0.0 |   5.1 |   0.3 | 739.0
               +-------+-------+-------+-------+-------+----------------------


   Skills:
 - Level 15.0 Fighting
 - Level 14.8 Long Blades
 - Level 2.1 Throwing
 + Level 14.6 Armour
 - Level 12.7 Dodging
 - Level 15.0 Shields
 + Level 14.2 Spellcasting
 - Level 5.0 Translocations
 + Level 25.0 Air Magic
 - Level 19.5 Evocations


You had 35 spell levels left.
You knew the following spells:

 Your Spells              Type           Power        Failure   Level  Hunger
a - Blink                 Tloc           N/A          1%          2    N/A
b - Repel Missiles        Chrm/Air       ######       1%          2    N/A
c - Apportation           Tloc           #####.....   1%          1    N/A
d - Tornado               Air            #######...   10%         9    N/A
e - Flight                Chrm/Air       ######....   1%          3    N/A
f - Swiftness             Chrm/Air       ######..     1%          2    N/A

Dungeon Overview and Level Annotations

Branches:
Dungeon (15/15)            Temple (0/1) D:4            Lair (8/8) D:11
 Shoals (5/5) Lair:6       Spider (5/5) Lair:6        Slime (6/6) Lair:6
    Orc (4/4) D:12            Elf (3/3) Orc:4        Vaults (5/5) D:13
  Crypt (3/3) Vaults:3       Tomb (0/3) Crypt:3      Depths (5/5) D:15
    Zot (4/5) Depths:5

Altars:
Ashenzari
Cheibriados
Elyvilon
Kikubaaqudgha
Makhleb
Okawaru
Qazlal
Sif Muna
Trog
Xom
Yredelemnul
The Shining One

Shops:
D:6 (   D:15 [   Orc:4 [*=(}}=*[!   Elf:3 ?   Shoals:1 :   Vaults:2 (
Vaults:5 *   Depths:1 *   Depths:2 *[

Portals:
Hell: Depths:1 Depths:2 Depths:3 Depths:4 Depths:5
Abyss: Depths:1 Depths:3 Depths:4 Depths:5
Pandemonium: Depths:1 Depths:3 Depths:4

Annotations:
D:10 exclusion: oklob plant
Lair:8 exclusion: 3 doors
Elf:2 runed door
Depths:3 runed door


Innate Abilities, Weirdness & Mutations

You do not eat or drink.
Your flesh is vulnerable to fire.
You are strongly in touch with the powers of death.
You can restore your body by infusing magical energy.
Your flesh is cold resistant.
You are immune to negative energy.
Your system is resistant to poisons.
You are immune to unholy pain and torment.
You can survive without breathing.


Message History

Found seventeen items.
Found two gates leading back out of this place.
Found a stone staircase leading down.
A pearl dragon, 5 angels and 3 apis come into view.
You see here an arrow of flame.
Casting: Repel Missiles
Confirm with . or Enter, or press ? or * to list all spells.
A powerful magic prevents control of your teleportation.
You blink.
You cannot raise a blood rage in your lifeless body.
Xom grants you a minor favour.
You feel better.
Your apis gores the angel!!
The ophan harnesses the cleansing power of fire!
The bolt of fire hits you! You resist.
Your daeva calls down the wrath of the Shining One upon the pearl dragon.
The pearl dragon is smitten.
The cherub unwields an uncursed scimitar of flaming.
It stops flaming.
The cherub wields a shortbow.
The cherub shoots an arrow of frost.
The arrow of frost is repelled.
You feel less protected from missiles.
The cherub shoots a stone.
The stone hits you but does no damage.
The pearl dragon breathes holy energy at you.
The blast of cleansing flame engulfs you!
Casting: Blink
Confirm with . or Enter, or press ? or * to list all spells.
A powerful magic prevents control of your teleportation.
You blink.
The pearl dragon breathes holy energy at you.
The angel hits your apis with a sacred scourge of holy wrath! x2
The ophan calls forth blessed flames!
Blessed fire suddenly surrounds you!
The cherub shoots a stone.
The stone hits you.
Casting: Blink
Confirm with . or Enter, or press ? or * to list all spells.
A powerful magic prevents control of your teleportation.
You blink.
The pearl dragon breathes holy energy at you.
The blast of cleansing flame engulfs you!
You die...
Xom titters!

▓▓.............▓▓
▓▓.....#...#...Y)▓▓
▓▓...............Y)▓▓
▓▓............D§§=?A∩▓▓
▓.∩...........§§§)[?D:▓
▓▓........DGA§AAAYD!∩▓▓
▓▓...A.YA§.§G....!(▓▓
▓▓...Y.#§.§#...A}▓▓
▓▓....§.§@.....▓▓
▓▓...§§§DA...▓▓
▓▓..§§§....▓▓
▓▓▓▓▓▓▓▓▓▓▓


You could see an apis (roused), a daeva (roused), 3 pearl dragons, 2 angels, 2
ophanim, 2 cherubim and a friendly apis.

Table legend:
 A = Kills in this place as a percentage of kills in entire the game.
 B = Kills by you in this place as a percentage of kills by you in the entire game.
 C = Kills by friends in this place as a percentage of kills by friends in the entire game.
 D = Other kills in this place as a percentage of other kills in the entire game.
 E = Experience gained in this place as a percentage of experience gained in the entire game.
 F = Experience gained in this place divided by the number of levels of this place that you have seen.
                   A       B       C       D       E      F
               +-------+-------+-------+-------+-------+----------------------
         Total | 100.0 | 100.0 | 100.0 | 100.0 | 100.0 | 20357.3
       Dungeon |  15.1 |  13.6 |  25.7 |   0.0 |   3.5 | 4696.9
          Lair |   9.5 |   9.1 |  12.6 |   0.0 |   2.5 | 6344.6
        Shoals |   4.2 |   4.1 |   5.1 |   0.0 |   4.0 | 16169.4
   Spider Nest |   7.5 |   7.3 |   8.3 |   9.5 |   4.8 | 19460.0
    Slime Pits |   2.7 |   2.5 |   4.0 |   0.0 |   3.6 | 12200.2
  Orcish Mines |   6.2 |   5.8 |   9.5 |   0.0 |   1.0 | 5196.8
   Elven Halls |   3.7 |   3.9 |   2.6 |   0.0 |   4.7 | 31584.7
        Vaults |  13.6 |  13.0 |  16.6 |  42.9 |  17.6 | 70863.6
         Crypt |   5.2 |   5.5 |   3.2 |   9.5 |   6.0 | 40417.3
        Depths |  11.1 |  11.8 |   6.3 |  14.3 |  19.0 | 76623.2
           Zot |   4.5 |   4.5 |   3.6 |  14.3 |  12.2 | 61589.2
         Abyss |   4.4 |   5.0 |   0.8 |   0.0 |   4.3 | 12488.9
   Pandemonium |   3.5 |   4.0 |   0.2 |   0.0 |   4.2 | 84190.0
      Ziggurat |   8.1 |   9.2 |   0.8 |   9.5 |  12.2 | 9432.3
      Ice Cave |   0.7 |   0.7 |   0.8 |   0.0 |   0.3 | 5377.0
               +-------+-------+-------+-------+-------+----------------------

Vanquished Creatures
  the royal jelly (Slime:6)
  3 ancient liches
  2 greater mummies (Zig:5)
  Boris (twice) (Vaults:5 Crypt:2)
  A curse toe (Zot:2)
  A caustic shrike (Zig:9)
  A profane servitor (Zig:12)
  8 golden dragons
  8 bone dragons
  A hellephant (Zig:9)
  Nikola (Elf:1)
  2 electric golems
  11 tentacled monstrosities
  An Ice Fiend (Zig:3)
  A Hell Sentinel (Zig:6)
  3 titans
  9 liches
  3 deep elf blademasters
  18 acid blobs
  Asterion (Spider:4)
  7 deep elf master archers
  2 Executioners
  2 krakens
  4 ancient champions
  2 Shadow Fiends (Pan)
  3 octopode crushers
  6 sphinxes
  A thorn hunter (Zig:11)
  7 tentacled starspawn
  A pandemonium lord (Pan)
  6 shadow dragons
  14 storm dragons
  4 greater nagas (Zig:11)
  11 azure jellies
  7 tengu reavers
  8 draconian monks
  Ilsuiw (Shoals:5)
  A revenant (Crypt:1)
  7 orc warlords
  3 cacodemons
  8 frost giants
  13 fire giants
  3 draconian scorchers
  6 vault wardens
  9 ghost moths
  6 draconian knights
  4 iron dragons
  6 draconian zealots
  8 deep elf sorcerers (Elf:3)
  8 ironheart preservers
  2 curse skulls
  13 emperor scorpions
  The ghost of Xiguana the Brawler, a powerful TrMo (Slime:1)
  6 draconian annihilators
  5 draconian shifters
  6 ghouls
  13 very ugly things
  6 reapers
  3 spriggan defenders
  20 stone giants
  5 vampire knights
  12 green draconians
  12 rakshasas
  3 grey draconians
  2 draconian callers
  A chaos champion (Pan)
  10 war gargoyles
  A lorocyproca (Abyss:1)
  16 deep elf annihilators
  A blood saint (Pan)
  2 dire elephants
  3 black draconians
  2 salamander firebrands
  9 deep elf demonologists
  2 red draconians
  6 pale draconians
  3 purple draconians
  11 white draconians
  2 mottled draconians
  8 yellow draconians
  A black sun (Pan)
  16 ettins
  3 unborn
  3 eidola (Zig:12)
  2 blizzard demons
  Snorg (Orc:3)
  8 merfolk javelineers
  10 deep elf death magi
  18 great orbs of eyes
  37 vault guards
  4 minotaurs
  A minotaur (shapeshifter) (Vaults:1)
  7 jiangshi
  10 merfolk impalers
  2 green deaths
  3 crystal guardians (Crypt:3)
  26 large abominations
  11 ogre magi
  11 death cobs
  17 fire dragons
  7 death oozes (Slime:6)
  7 deep elf high priests
  A great orb of eyes (shapeshifter) (Vaults:3)
  11 hydras
  13 yaktaur captains
  18 ice dragons
  A naga warrior (Zig:11)
  9 monstrous demonspawn (Pan)
  5 spriggan air magi
  3 alligators (Zig:11)
  An anaconda (Pan)
  2 death knights
  3 merfolk avatars (Shoals:5)
  Erica (Orc:2)
  3 tengu warriors
  11 centaur warriors
  2 alligator snapping turtles
  10 deep troll earth magi
  8 dancing weapons
  5 merfolk aquamancers
  16 deep troll shamans
  7 spriggan berserkers
  9 thrashing horrors
  A titan zombie (Crypt:2)
  A naga sharpshooter (Zig:11)
  23 death yaks
  Urug (D:15)
  3 orc high priests
  6 fire crabs
  3 shock serpents
  23 deep elf knights
  8 shadow wraiths
  3 iron trolls
  9 vampire magi
  5 soul eaters
  A catoblepas (Depths:4)
  8 ice devils
  3 wretched stars
  A titan skeleton (Crypt:3)
  2 salamander mystics
  20 hell knights
  24 skeletal warriors
  2 death scarabs (Zig:13)
  2 spatial maelstroms
  7 flayed ghosts
  4 unseen horrors
  7 infernal demonspawn (Pan)
  A sea snake (shapeshifter) (Zig:12)
  39 starcursed masses
  A spriggan druid (Zig:11)
  An anaconda zombie (Crypt:2)
  A swamp dragon (shapeshifter) (Vaults:3)
  10 hill giants
  A swamp dragon (Zig:11)
  16 deep elf summoners
  44 deep trolls
  2 ice statues
  10 sea snakes
  4 giant orange brains
  21 orc knights
  2 torturous demonspawn (Pan)
  A shambling mangrove (Zig:11)
  13 putrid demonspawn (Pan)
  3 shadow dragon zombies
  A sphinx zombie (Zig:5)
  9 necromancers
  15 griffons
  5 mana vipers
  24 ironbrand convokers
  A cyclops (shapeshifter) (Depths:2)
  5 orc sorcerers
  18 orb spiders
  An iron dragon zombie (Crypt:3)
  13 gelid demonspawn (Pan)
  38 wolf spiders
  5 oklob plants
  12 phantasmal warriors
  2 wizards (Vaults:2)
  25 deep elf conjurers
  6 shining eyes
  13 harpies
  5 cyclopes
  4 salamanders
  2 hornets (shapeshifter)
  37 ugly things
  A water nymph (shapeshifter) (Depths:2)
  4 water nymphs
  A draconian zombie (Zot:1)
  A stone giant zombie (Crypt:2)
  A frost giant zombie (Abyss:2)
  3 stone giant skeletons
  6 worldbinders
  5 elephants
  A frost giant skeleton (Crypt:2)
  13 hornets
  7 sirens
  15 manticores
  31 moths of wrath
  2 rust devils
  A dire elephant zombie (Crypt:1)
  A faun (Shoals:2)
  2 iron dragon skeletons (Crypt:3)
  A sphinx skeleton (Zig:5)
  A guardian serpent (shapeshifter) (Vaults:1)
  3 human skeletons
  7 black mambas
  20 smoke demons
  A centaur zombie (D:15)
  A queen ant (shapeshifter) (Vaults:2)
  15 sixfirhies
  10 vault sentinels
  A queen ant (Lair:3)
  3 guardian serpents
  5 eyes of devastation
  A torpor snail (shapeshifter) (D:15)
  13 spiny frogs
  5 torpor snails
  5 naga magi
  Psyche (D:11)
  23 small abominations
  A dire elephant skeleton (Zig:5)
  6 komodo dragons
  5 centaur skeletons
  A spiny frog (shapeshifter) (Depths:1)
  14 orange demons
  8 kobold demonologists
  13 hellions (Pan)
  A green draconian zombie (Zot:1)
  2 gargoyles (D:15)
  37 yaktaurs
  An efreet (Abyss:3)
  A komodo dragon (shapeshifter) (Depths:4)
  16 demonic crawlers
  3 fire drakes
  A tengu conjurer (Depths:2)
  20 hellwings
  2 harpy zombies (Shoals:4)
  6 red devils
  15 trolls
  2 fire vortices (Depths:3)
  A death yak skeleton (Crypt:2)
  A tormentor (Zig:6)
  A giant leech (Zig:11)
  4 ancient zymes
  2 queen bees (shapeshifter)
  20 deep elf priests
  36 jumping spiders
  A giant leech (shapeshifter) (Depths:1)
  5 polar bears
  15 freezing wraiths
  A spectral harpy (Crypt:1)
  35 merfolk
  A queen bee (Spider:1)
  10 raiju
  12 blue devils
  8 wind drakes
  A guardian serpent zombie (Crypt:1)
  A raven (shapeshifter) (Vaults:3)
  80 slime creatures
  3 silent spectres
  3 ravens
  6 boulder beetles
  2 slime creatures (shapeshifter)
  A stone giant simulacrum (Vaults:4)
  33 trapdoor spiders
  4 bog bodies
  A catoblepas skeleton (Crypt:2)
  29 two-headed ogres
  3 harpy skeletons
  An ushabti (Zig:5)
  A frost giant simulacrum (Vaults:2)
  12 blink frogs
  A satyr zombie (Crypt:1)
  A spriggan zombie (Zig:5)
  6 air elementals
  3 basilisks
  16 wraiths
  A basilisk (shapeshifter) (Vaults:2)
  8 ynoxinuls
  11 shadows
  An earth elemental (Zig:5)
  A spriggan (shapeshifter) (D:15)
  7 spriggans
  4 fire bats (Depths:3)
  37 flying skulls
  11 snapping turtles
  46 yaks
  19 water elementals
  An ettin skeleton (Crypt:3)
  4 vampires
  66 redbacks
  27 deep elf magi
  2 fire dragon skeletons (Crypt:3)
  26 tarantellas
  A wyvern (D:11)
  5 fire elementals
  A hog (Lair:3)
  6 golden eyes
  A wind drake skeleton (Crypt:1)
  6 humans
  A steam dragon (D:15)
  7 neqoxecs
  5 chaos spawn
  7 hungry ghosts
  49 deep elf fighters
  4 nagas
  17 vampire mosquitoes
  A human (shapeshifter) (Zig:11)
  3 insubstantial wisps (Abyss:2)
  2 mottled dragons (Vaults:2)
  A deep troll zombie (Vaults:3)
  19 hippogriffs
  A soldier ant (shapeshifter) (Vaults:3)
  18 water moccasins
  6 wolves
  8 wargs
  3 hell hounds
  4 sky beasts
  10 ice beasts
  A spatial vortex (Abyss:2)
  28 orc warriors
  A monstrous demonspawn skeleton (Crypt:2)
  16 soldier ants
  2 black bears
  14 porcupines
  2 black bears (shapeshifter)
  2 phantoms
  21 spiders
  4 swamp drakes
  9 necrophages
  22 centaurs
  A swamp dragon zombie (Crypt:1)
  7 wasps
  2 elf zombies
  8 eyes of draining
  A snapping turtle skeleton (Crypt:2)
  59 ogres
  A blink frog skeleton (Crypt:2)
  An elf simulacrum (Zig:13)
  3 lost souls
  5 boggarts
  A boring beetle (Lair:8)
  A swamp dragon skeleton (Crypt:1)
  A boring beetle (shapeshifter) (Vaults:1)
  22 giant frogs
  A yaktaur zombie (Crypt:1)
  18 crocodiles
  A brain worm (D:14)
  A spectral human (Crypt:2)
  6 big kobolds
  2 wyvern zombies (D:13)
  9 scorpions
  A human simulacrum (Vaults:1)
  2 water moccasin skeletons
  A wyvern skeleton (D:9)
  29 wights
  2 hippogriff zombies (Shoals:4)
  2 troll zombies (D:12)
  26 killer bees
  An elf skeleton (Vaults:3)
  16 quasits
  A raiju skeleton (Crypt:2)
  6 electric eels
  3 goliath beetles
  15 crimson imps
  2 wasp zombies
  A gnoll shaman (D:6)
  A giant frog zombie (D:7)
  49 jellies
  23 orc wizards
  13 hounds
  14 orc priests
  6 iron imps
  2 human zombies
  A basilisk skeleton (Crypt:1)
  10 hell rats
  10 iguanas
  A lightning spire (Zig:9)
  25 sheep
  41 worker ants
  Ijyb (D:2)
  7 ogre zombies
  10 mummies
  A worker ant zombie (D:6)
  A hound skeleton (D:9)
  44 river rats
  3 gnolls
  13 shadow imps
  34 adders
  15 white imps
  20 ufetubi
  4 worms
  An iguana zombie (Crypt:2)
  A sheep skeleton (Crypt:2)
  7 giant geckos
  An ooze (D:2)
  158 orcs
  A ball python (D:5)
  A bat zombie (Shoals:4)
  3 giant cockroaches
  A gnoll zombie (Crypt:1)
  26 goblins
  17 hobgoblins
  9 jackals
  36 kobolds
  13 quokkas
  A ball python skeleton (D:3)
  18 bats
  A giant gecko zombie (D:6)
  8 giant newts
  A giant spore (D:13)
  A gnoll skeleton (Crypt:1)
  4 goblin zombies
  4 hobgoblin skeletons (D:12)
  A jackal skeleton (D:7)
  A lurking horror (Abyss:3)
  2 orc skeletons (D:12)
  19 orc zombies
  2 quokka skeletons
  A quokka zombie (D:6)
  12 rats
  A spectral orc (D:11)
  3 ballistomycetes
  12 briar patches (Zig:11)
  A bush (Lair:7)
  A butterfly (Depths:5)
  4 crawling corpses
  A fungus (Lair:8)
  11 plants
  4 starspawn tentacles
  A starspawn tentacle segment (Zig:7)
  3 tentacles
3662 creatures vanquished.

Vanquished Creatures (collateral kills)
  An orb of fire (Zot:4)
  An ancient lich (Vaults:5)
  A greater mummy (Zig:5)
  Boris (Vaults:4)
  The ghost of Leissi the Tortoise, a great FoFi of Okawaru (Slime:6)
  Margery (Depths:5)
  Norris (Depths:1)
  Saint Roka (Vaults:4)
  A curse toe (Zot:2)
  A caustic shrike (Depths:2)
  Mara (Spider:5)
  Frederick (Vaults:5)
  2 tentacled monstrosities
  A Hell Sentinel (Pan)
  2 deep elf blademasters (Depths:4)
  3 acid blobs
  A kraken (Shoals:5)
  A sphinx (Vaults:5)
  Agnes (Vaults:2)
  2 storm dragons
  A tengu reaver (Depths:3)
  A shadow dragon (Vaults:5)
  4 draconian monks
  A revenant (Crypt:1)
  2 frost giants
  3 fire giants
  Wiglaf (Depths:4)
  An orc warlord (Zig:8)
  7 vault wardens
  A balrug (Depths:3)
  2 draconian zealots (Zot:1)
  5 emperor scorpions
  4 deep elf sorcerers (Elf:3)
  2 draconian knights
  A cacodemon (Depths:3)
  2 ironheart preservers (Vaults:5)
  Jorgrun (Spider:2)
  5 stone giants
  A draconian annihilator (Zot:4)
  A salamander firebrand (Depths:2)
  2 rakshasas (Spider:4)
  A vampire knight (Crypt:3)
  A deep elf demonologist (Elf:3)
  2 green draconians
  A deep elf annihilator (Vaults:5)
  A purple draconian (Zot:1)
  A dire elephant (Depths:1)
  2 pale draconians
  A deep elf death mage (Elf:3)
  An eidolon (Crypt:3)
  A death ooze (Slime:6)
  2 vault guards
  3 merfolk impalers (Shoals:5)
  A minotaur (Depths:2)
  2 deep elf high priests (Vaults:5)
  A yaktaur captain (Vaults:2)
  Fannar (Lair:1)
  11 hydras
  Harold (Lair:5)
  An ice dragon (Vaults:2)
  Nessos (Spider:2)
  2 satyrs (Shoals:5)
  A centaur warrior (D:13)
  A merfolk aquamancer (Shoals:5)
  2 dancing weapons (Crypt:3)
  5 ogre magi
  The ghost of DEFE the Carver, a powerful HEWr of Ru (Lair:2)
  3 death yaks
  A tengu warrior (Depths:3)
  A titan zombie (Crypt:3)
  2 thrashing horrors
  Nergalle (D:11)
  A soul eater (Spider:3)
  4 hell knights (Crypt:3)
  2 skeletal warriors (Crypt:1)
  A deep elf knight (Elf:3)
  An ice devil (IceCv)
  4 deep trolls
  A giant orange brain (D:15)
  A flayed ghost (Depths:5)
  3 harpies
  An air elemental (Zig:8)
  A wizard (Depths:1)
  8 hill giants
  An ice statue (IceCv)
  3 orc knights
  3 necromancers
  2 deep elf conjurers
  The ghost of haldagan the Shield-Bearer, an experienced DsFi of Makhleb (D:5)
  3 ironbrand convokers
  8 wolf spiders
  A faun (Shoals:3)
  A human zombie (Vaults:3)
  5 orb spiders
  2 phantasmal warriors
  8 cyclopes
  8 ugly things
  A griffon (Lair:5)
  3 manticores
  A moth of wrath (Spider:1)
  A fire giant skeleton (Crypt:3)
  A water nymph (Shoals:2)
  3 shining eyes
  6 elephants
  A black mamba (Zig:11)
  A torpor snail (Depths:3)
  A smoke demon (Abyss:2)
  An eye of devastation (Slime:2)
  7 spiny frogs
  2 vault sentinels
  2 kobold demonologists
  An elf (shapeshifter) (Spider:2)
  8 yaktaurs
  A fire drake (Lair:8)
  4 jumping spiders
  2 blue devils (IceCv)
  2 komodo dragons
  A deep elf priest (Elf:3)
  A red devil (Spider:5)
  A harpy zombie (Vaults:4)
  A freezing wraith (Crypt:1)
  7 merfolk
  6 two-headed ogres
  6 trolls
  A wind drake (Shoals:4)
  Sonja (D:12)
  2 efreet
  15 slime creatures
  A raven (D:15)
  A giant leech (shapeshifter) (D:12)
  7 blink frogs
  2 ettin zombies
  A frost giant simulacrum (Vaults:3)
  A raiju (shapeshifter) (Vaults:4)
  A boulder beetle (Spider:1)
  14 redbacks
  A ynoxinul (Elf:3)
  A tarantella (Vaults:5)
  3 water elementals
  A wyvern (D:13)
  16 yaks
  An ettin skeleton (Vaults:3)
  4 deep elf fighters
  3 wraiths
  A hog (shapeshifter) (Vaults:4)
  4 deep elf magi
  A steam dragon (D:7)
  3 neqoxecs
  3 hippogriffs
  3 vampire mosquitoes
  4 wolves (Lair:4)
  5 wargs
  Menkaure (D:7)
  2 water moccasins
  A soldier ant (D:8)
  4 porcupines
  4 ice beasts
  2 black bears
  2 necrophages
  5 spiders (Spider:2)
  8 orc warriors
  An eye of draining (D:11)
  2 hell hounds (Spider:4)
  15 ogres
  3 centaurs
  Sigmund (D:3)
  A crocodile (Lair:8)
  4 giant frogs
  2 scorpions
  7 killer bees
  A small abomination (Abyss:2)
  4 wights
  2 quasits (Spider:5)
  2 electric eels
  5 crimson imps
  A jelly (Slime:2)
  11 orc priests
  Crazy Yiuf (D:5)
  An iron imp (Spider:5)
  11 orc wizards
  A worker ant (D:9)
  3 hell rats (Elf:1)
  9 sheep
  Terence (D:3)
  A river rat (Lair:8)
  4 gnolls
  2 giant eyeballs (Depths:2)
  2 white imps (Spider:5)
  A shadow imp (Spider:5)
  An adder zombie (D:7)
  27 orcs
  A giant cockroach (D:3)
  A hobgoblin (D:7)
  A bat (D:8)
  5 goblins
  A kobold (D:11)
  3 rats
  3 spectral orcs (D:11)
  A ballistomycete (D:13)
  3 tentacles
551 creatures vanquished.

Vanquished Creatures (others)
  2 tentacled monstrosities
  A titan (Vaults:5)
  A deep elf master archer (Zig:12)
  2 eldritch tentacles
  A shadow dragon (Zot:4)
  An orc warlord (Depths:4)
  A fire giant (Depths:2)
  2 draconian scorchers
  A frost giant (Crypt:3)
  A stone giant (Shoals:5)
  A very ugly thing (Abyss:3)
  A dire elephant (Crypt:3)
  An unborn (Crypt:3)
  The ghost of haldagan the Thaumaturge, a powerful OpWz of Sif Muna (IceCv)
  2 ettins
  2 deep elf high priests (Vaults:5)
  2 fire dragons
  2 great orbs of eyes
  7 yaktaur captains
  2 ice dragons (Zot:1)
  3 centaur warriors
  2 deep troll earth magi
  An ogre mage (Orc:4)
  A spriggan air mage (Vaults:4)
  A shock serpent (Zot:1)
  2 death yaks (Depths:2)
  3 tengu warriors
  2 deep troll shamans
  2 deep elf knights
  An iron troll (Depths:4)
  A shadow wraith (Crypt:3)
  A skeletal warrior (Spider:2)
  A catoblepas (Lair:8)
  3 deep trolls
  2 unseen horrors
  5 harpies (Spider:4)
  3 giant orange brains
  2 flayed ghosts
  A deep elf conjurer (Vaults:2)
  An ironbrand convoker (Vaults:5)
  A deep elf summoner (Vaults:3)
  3 necromancers
  An orb spider (Vaults:4)
  3 griffons
  3 wizards
  A tengu skeleton (Vaults:4)
  2 hill giants
  12 water elementals
  4 ugly things
  A salamander (Depths:3)
  5 cyclopes
  A hornet (D:15)
  A salamander (shapeshifter) (Shoals:5)
  3 wolf spiders
  3 drowned souls (Shoals:5)
  A sixfirhy (IceCv)
  An octopode (shapeshifter) (Spider:2)
  3 fire elementals
  A komodo dragon (D:9)
  A gargoyle (IceCv)
  A centaur skeleton (D:9)
  An ice beast (Spider:4)
  An efreet (D:13)
  18 yaktaurs
  6 jumping spiders
  2 blue devils
  A red devil (Vaults:2)
  A merfolk (shapeshifter) (Depths:2)
  2 deep elf priests
  2 fire vortices
  A blink frog (Zig:9)
  A troll (Orc:4)
  6 two-headed ogres
  9 ravens
  2 slime creatures
  A troll (shapeshifter) (Lair:6)
  A ynoxinul (D:15)
  2 basilisks
  A human simulacrum (Vaults:4)
  10 air elementals
  A basilisk (shapeshifter) (Lair:5)
  3 shadows
  A tarantella (shapeshifter) (Vaults:3)
  4 trapdoor spiders
  7 earth elementals
  15 redbacks
  2 wyverns
  A deep elf mage (Lair:8)
  7 tarantellas
  A hippogriff (D:11)
  4 dancing weapons
  8 vampire mosquitoes
  An insubstantial wisp (Vaults:5)
  A redback simulacrum (Lair:3)
  5 mottled dragons
  A naga (Depths:2)
  A hell hound (Vaults:5)
  An eye of draining (shapeshifter) (Shoals:5)
  A sky beast (shapeshifter) (Zot:1)
  A spider (Spider:5)
  5 boggarts
  A deep dwarf (shapeshifter) (Vaults:2)
  A hornet simulacrum (Lair:8)
  An eye of draining (Lair:8)
  9 ogres
  4 centaurs
  6 lost souls
  A brain worm (D:15)
  A giant frog (D:6)
  A scorpion (D:3)
  3 killer bees
  6 crimson imps
  12 quasits
  A giant frog zombie (D:6)
  11 iron imps
  A hell rat (Spider:4)
  A jelly (D:14)
  An orc wizard (D:3)
  4 worker ants
  A sheep (Shoals:3)
  2 adders (D:5)
  15 shadow imps
  16 white imps
  16 ufetubi
  A worm (Zot:1)
  5 orcs
  A ball python (shapeshifter) (Vaults:5)
  A giant cockroach (D:3)
  4 giant spores
  A lurking horror (Abyss:1)
  A rat (Vaults:5)
  A ballistomycete (Abyss:3)
  8 butterflies
  126 eldritch tentacle segments
  5 fungi
  19 plants
  17 starspawn tentacles
  141 starspawn tentacle segments
  25 tentacles
  657 tentacle segments
1391 creatures vanquished.

Grand Total: 5604 creatures vanquished

Action                   |  1- 3 |  4- 6 |  7- 9 | 10-12 | 13-15 | 16-18 | 19-21 | 22-24 | 25-27 || total
-------------------------+-------+-------+-------+-------+-------+-------+-------+-------+-------++-------
Melee: Falchion          |   117 |   201 |   182 |       |       |       |       |       |       ||   500
       Scimitar          |       |       |   192 |   856 |     1 |    32 |    45 |       |       ||  1126
       Demon blade       |       |       |       |   171 |  2277 |  1767 |  1809 |    55 |       ||  6079
       Rod               |       |       |       |       |       |     1 |     1 |       |       ||     2
       Short sword       |       |       |       |       |       |       |    26 |       |       ||    26
       Unarmed           |       |       |       |       |       |       |     1 |       |       ||     1
       Katana            |       |       |       |       |       |       |       |  1676 |  3909 ||  5585
 Fire: Blowgun           |       |       |       |       |    21 |    75 |    52 |       |       ||   148
 Cast: Repel Missiles    |       |       |       |       |       |       |     3 |     4 |     4 ||    11
       Blink             |       |       |       |       |       |       |       |     8 |    36 ||    44
       Apportation       |       |       |       |       |       |       |       |     1 |    20 ||    21
       Tornado           |       |       |       |       |       |       |       |       |    38 ||    38
 Abil: Evoke Flight      |       |       |       |       |       |       |       |     1 |       ||     1
Evoke: Rod               |       |    18 |    20 |    73 |   150 |   231 |   153 |   101 |    95 ||   841
       Wand              |       |       |     2 |    23 |    17 |    18 |     3 |    16 |    35 ||   114
       Sack of spiders   |       |       |       |       |       |     2 |     4 |    10 |     6 ||    22
       Deck              |       |       |       |       |       |     4 |     9 |     6 |    18 ||    37
       Fan of gales      |       |       |       |       |       |       |       |     4 |     6 ||    10
       Lamp of fire      |       |       |       |       |       |       |       |     4 |     8 ||    12
       Stone of tremors  |       |       |       |       |       |       |       |     4 |     8 ||    12
       Phial of floods   |       |       |       |       |       |       |       |     1 |     8 ||     9
       Phantom mirror    |       |       |       |       |       |       |       |     1 |     2 ||     3
  Use: Scroll            |       |    12 |     4 |    14 |    24 |    22 |    25 |    21 |    51 ||   173
 Stab: Paralysed         |     1 |     1 |     3 |       |     2 |       |     6 |       |     9 ||    22
       Sleeping          |       |       |     1 |       |     2 |       |       |     1 |     1 ||     5
       Distracted        |       |       |       |     5 |     4 |     4 |     9 |     7 |    12 ||    41
       Confused          |       |       |       |     1 |     7 |     2 |     3 |     5 |    20 ||    38
       Held in net/web   |       |       |       |     1 |       |       |       |       |       ||     1
       Petrified         |       |       |       |       |     9 |     2 |       |       |     2 ||    13
       Invisible         |       |       |       |       |    14 |       |       |     1 |     9 ||    24
       Petrifying        |       |       |       |       |       |       |       |       |     1 ||     1

Vault maps used:
D:1:      dpeg_arrival_three_same_balls, moated_statue, kennysheep_small_spiral
D:2:      st_stairs_9, uniq_iyjb
D:3:      first_bread, okawaru_trees_1, uniq_sigmund, uniq_terence
D:4:      temple_statues, eino_small_chamber_without_monster
D:5:      uniq_crazy_yiuf_cottage
D:6:      serial_shops, shop, minmay_misc_feat_roman, minmay_misc_feat_square,
          uniq_eustachio
D:7:      grunt_temple_overflow_open, uniq_menkaure
D:8:      minmay_ornate_pinched
D:11:     erik_lair_orcish_takeover, grunt_livestock, uniq_psyche, uniq_nergalle
D:12:     zombieorc2_lemuel, uniq_sonja
D:13:     erik_vaults_2, kennysheep_generic_room_15
D:14:     old_standard_altar, spider_trap, elyvilon_altar_1
D:15:     gammafunk_enter_depths_forms, grunt_decor_mini_mirrors, serial_shops,
          shop, st_stairs_10, uniq_urug
Lair:1:   forest_paths, uniq_fannar
Lair:2:   beast_lair_carwin_1
Lair:3:   portal_ice_cave_entry_pillars_01, zaba_anthell, grunt_megastairs_2
Lair:4:   grunt_forest_stairs_clearing, bh_autumn_forest_stairs
Lair:5:   wad_woods_stonehenge, uniq_harold
Lair:6:   minmay_shoals_entry_beasts, dummy_spider_entry,
          minmay_slime_entry_jelly_boxes, nicolae_quartered_pool_super,
          serial_bayou_ford_a, serial_bayou_pond_e
Lair:8:   evil_forest, serial_bayou, serial_bayou_pond_e, serial_bayou_lake_a,
          serial_bayou_shore_b, serial_bayou_pond_e, serial_bayou_shore_a
Shoals:1: serial_shops, nicolae_shop_stone
Shoals:2: serial_shops, bzr_entry_dummy
Shoals:4: nicolae_shoals_undead_eyrie
Shoals:5: shoals_end_hangedman, shoals_ilsuiw_alternative
Spider:1: nicolae_spider_hall_of_the_moth_king, special_room, spider_trap
Spider:2: uniq_jorgrun, uniq_nessos
Spider:4: guppyfry_spider_mini_3, uniq_azrael, uniq_asterion
Spider:5: grunt_spider_rune_circles, uniq_mara
Orc:2:    uniq_erica
Orc:3:    nicolae_orc_pool_cavern, uniq_snorg
Orc:4:    st_orc_open, serial_shops, shop, shop, shop, shop,
          nicolae_shop_waterfront, nicolae_for_you_no_charge
Elf:1:    eino_elf_arrival_sip, serial_glass, glass_columns_b, glass_columns_c,
          glass_columns_a, glass_columns_a, glass_columns_a, glass_columns_b,
          glass_columns_c, glass_columns_a, minmay_elf_demonology,
          hangedman_elf_power_crystal, uniq_nikola
Elf:3:    minmay_elf_hall_x, serial_shops, shop
Vaults:1: v_misc_14, nicolae_vaults_ring_of_whatevers,
          nicolae_vaults_little_squares_1, v_rooms_6, hangedman_vaults_impose,
          v_alt_pattern_3, vaults_mumra_lcd, vaults_room_pools,
          nicolae_vaults_little_squares_3
Vaults:2: v_misc_32, nicolae_vaults_border_crossing, nicolae_vaults_big_ls,
          v_misc_16, nicolae_vaults_ring_of_whatevers,
          hangedman_vaults_river_flow, hangedman_vaults_capsules,
          hangedman_vaults_corner_blocks, ontoclasm_vaults_ring_square,
          ontoclasm_vaults_fault, vaults_room_mumra_shop_pool,
          grunt_vaults_focal, ontoclasm_vaults_ring_small, uniq_agnes
Vaults:3: ontoclasm_vaults_twist, minmay_crypt_entry_necro_gods,
          vaults_dpeg_spiral, ontoclasm_vaults_ligature, vaults_room_octagon,
          st_spiral_rooms, grunt_vaults_funnel, vaults_dpeg_doors,
          stair_cage_open, ontoclasm_vaults_claustrophobia, v_misc_15,
          nicolae_vaults_stairing_the_circle, nicolae_vaults_mini_display_case,
          nicolae_vaults_little_squares_6, vaults_dpeg_ring
Vaults:4: v_misc_30, nicolae_vaults_circle_grid_a, vaults_mumra_hexcomb,
          vaults_room_grid, ontoclasm_vaults_ring_small, hangedman_vaults_nails,
          nicolae_vaults_alarming, v_misc_19, hangedman_vaults_trim,
          v_alt_pattern_2, ontoclasm_vaults_gallery, uniq_saint_roka, uniq_boris
Vaults:5: uniq_frederick, uniq_boris
Crypt:1:  crypt_curse_skull, minmay_misc_feat_columns
Crypt:2:  small_statue_intersection, hangedman_weighted_door, weyrava_lich_vault
Crypt:3:  cryptofortress_bobbens
Depths:1: pf_vacation_house_of_asmodeus, minmay_fountain_box,
          abyss_entry_small_statue_room, serial_column_ruins,
          column_ruins_columns_T, column_ruins_columns_corner,
          column_ruins_grid_1, column_ruins_open_medium, column_ruins_grid_1,
          pan_entry, nicolae_blasting_shop, uniq_norris
Depths:2: hangedman_spin_cycle, hell_entry
Depths:3: evilmike_makhleb_hellhole, enter_ziggurat_f, hangedman_decor_opposing,
          abyss_entry, rand_demon_pan_entry_1, hell_entry,
          kennysheep_random_hallway, infiniplex_staircase_zigzag_3
Depths:4: evilmike_iron_armoury, rand_demon_pan_entry_4, hell_entry,
          marbit_kobold_abyss_entry
Depths:5: evilmike_zot_entry_diamond, hell_entry, minmay_crystal_room,
          abyss_entry, nicolae_benzene_ring, infiniplex_staircase_pool_lava,
          uniq_margery
Zot:1:    nicolae_zot_draconian_monastery
Zot:2:    stair_cage_cross
Zot:3:    hangedman_zot_decor_checkerboard, st_stairs_6
Abyss:3:  guppyfry_abyss_exit_imp_island, evilmike_abyss_exit_3
Pan:      rand_demon_9, pan_blood_fountain_small, enter_ziggurat_pan_a
Zig:6:    ziggurat_pillar_centre_dead_trees
Zig:8:    ziggurat_pillar_centre_smoke, ziggurat_loot_1
Zig:10:   ziggurat_loot_2
Zig:11:   ziggurat_pillar_centre_oklobs
Zig:12:   ziggurat_pillar_centre_k
Zig:13:   ziggurat_pillar_centre_c
Bazaar:   bazaar_jpeg_circle_common
IceCv:    ice_cave_small_demon
